Workbook

Sheet export2016
A1: Guest Full Name | B1: Adults | C1: Property ID | D1: Property Title | E1: Checkin | F1: Checkout | G1: Status | H1: Listor Name | I1: Nights | J1: Created at
A2: Kaul Janin | B2: 6 | C2: 50328 | D2: Balbinova | E2: 42502 | F2: 42505 | G2: CONFIRMED | H2: AirBnb | I2: 3 | J2: 42380.522
A3: Guillaume Garret | B3: 9 | C3: 50328 | D3: Balbinova | E3: 42449 | F3: 42452 | G3: CONFIRMED | H3: AirBnb | I3: 3 | J3: 42380.69
A4: Iman Radjavi | B4: 10 | C4: 50328 | D4: Balbinova | E4: 42495 | F4: 42500 | G4: CONFIRMED | H4: AirBnb | I4: 5 | J4: 42380.69
A5: Ahmed Al Eesa | B5: 3 | C5: 50328 | D5: Balbinova | E5: 42418 | F5: 42421 | G5: CONFIRMED | H5: AirBnb | I5: 3 | J5: 42381.27
A6: AndrÃ© Riss | B6: 10 | C6: 50328 | D6: Balbinova | E6: 42461 | F6: 42463 | G6: CONFIRMED | H6: TripAdvisor | I6: 2 | J6: 42384.906
A7: Dennehy Caroline | B7: 7 | C7: 50328 | D7: Balbinova | E7: 42397 | F7: 42400 | G7: CONFIRMED | H7: AirBnb | I7: 3 | J7: 42387.758
A8: Hemi Lili | B8: 7 | C8: 50328 | D8: Balbinova | E8: 42412 | F8: 42416 | G8: CONFIRMED | H8: AirBnb | I8: 4 | J8: 42390.578
A9: Jenny Wong | B9: 8 | C9: 50328 | D9: Balbinova | E9: 42404 | F9: 42407 | G9: CONFIRMED | H9: AirBnb | I9: 3 | J9: 42390.835
A10: Marie Lau | B10: 6 | C10: 50328 | D10: Balbinova | E10: 42447 | F10: 42449 | G10: CONFIRMED | H10: TripAdvisor | I10: 2 | J10: 42395.648
A11: Sidney Hekman | B11: 7 | C11: 50328 | D11: Balbinova | E11: 42510 | F11: 42512 | G11: CONFIRMED | H11: Booking.com | I11: 2 | J11: 42395.648
A12: Billie Garbett | B12: 9 | C12: 50328 | D12: Balbinova | E12: 42537 | F12: 42541 | G12: CONFIRMED | H12: Booking.com | I12: 4 | J12: 42413.603
A13: Tavs Qvist | B13: 3 | C13: 50328 | D13: Balbinova | E13: 42426 | F13: 42430 | G13: CONFIRMED | H13: AirBnb | I13: 4 | J13: 42415.957
... A3279: Tonio Bitonti | B3279: 4 | C3279: 94149 | D3279: Vladislavova | E3279: 42734 | F3279: 42737 | G3279: CONFIRMED | H3279: AirBnb | I3279: 3 | J3279: 42733.398

Sheet statapt2016
B2: TOTAL 2016 | E2: January | G2: February | I2: March | K2: April | M2: May | O2: June | Q2: July | S2: August | U2: September | W2: October | Y2: November | AA2: December
A3: 42369 | E3: 42370 | G3: 42401 | I3: 42430 | K3: 42461 | M3: 42491 | O3: 42522 | Q3: 42552 | S3: 42583 | U3: 42614 | W3: 42644 | Y3: 42675 | AA3: 42705
B4: night | C4: avg/night | D4: occup | E4: 42400 | G4: 42429 | I4: 42460 | K4: 42490 | M4: 42521 | O4: 42551 | Q4: 42582 | S4: 42613 | U4: 42643 | W4: 42674 | Y4: 42704 | AA4: 42735
A5: Balbinova | B5: =E5+G5+I5+K5+M5+O5+Q5+S5+U5+W5+Y5+AA5 -> 134 | C5: =B5/8 -> 16.75 | D5: =B5/($S$4-$A$3) -> 0.54918033 | E5: =SUMPRODUCT((export2016!$E$2:$E$3279>=$E$3)*(export2016!$E$2:$E$3279<=$E$4)*(export2016!$D$2:$D$3279=A5),export2016!$I$2:$I$3279) -> 6 | F5: =E5/($E$4-$A$3) -> 0.19354839 | G5: =SUMPRODUCT((export2016!$E$2:$E$3279>=G3)*(export2016!$E$2:$E$3279<=G4)*(export2016!$D$2:$D$3279=$A$5),export2016!$I$2:$I$3279) -> 14 | H5: =G5/($G$4-$E$4) -> 0.48275862 | I5: =SUMPRODUCT((export2016!$E$2:$E$3279>=$I$3)*(export2016!$E$2:$E$3279<=$I$4)*(export2016!$D$2:$D$3279=A5),export2016!$I$2:$I$3279) -> 17 | J5: =I5/($I$4-$G$4) -> 0.5483871 | K5: =SUMPRODUCT((export2016!$E$2:$E$3279>=$K$3)*(export2016!$E$2:$E$3279<=$K$4)*(export2016!$D$2:$D$3279=A5),export2016!$I$2:$I$3279) -> 13 | L5: =K5/($K$4-$I$4) -> 0.43333333 | M5: =SUMPRODUCT((export2016!$E$2:$E$3279>=$M$3)*(export2016!$E$2:$E$3279<=$M$4)*(export2016!$D$2:$D$3279=A5),export2016!$I$2:$I$3279) -> 18 | N5: =M5/($M$4-$K$4) -> 0.58064516 | O5: =SUMPRODUCT((export2016!$E$2:$E$3279>=$O$3)*(export2016!$E$2:$E$3279<=$O$4)*(export2016!$D$2:$D$3279=A5),export2016!$I$2:$I$3279) -> 19 | P5: =O5/($O$4-$M$4) -> 0.63333333 | Q5: =SUMPRODUCT((export2016!$E$2:$E$3279>=$Q$3)*(export2016!$E$2:$E$3279<=$Q$4)*(export2016!$D$2:$D$3279=A5),export2016!$I$2:$I$3279) -> 25 | R5: =Q5/($Q$4-$O$4) -> 0.80645161 | S5: =SUMPRODUCT((export2016!$E$2:$E$3279>=$S$3)*(export2016!$E$2:$E$3279<=$S$4)*(export2016!$D$2:$D$3279=A5),export2016!$I$2:$I$3279) -> 22 | T5: =S5/($S$4-$Q$4) -> 0.70967742
A6: Biskupska | B6: =E6+G6+I6+K6+M6+O6+Q6+S6+U6+W6+Y6+AA6 -> 86 | C6: =B6/6 -> 14.333333 | D6: =B6/($O$4-$A$3) -> 0.47252747 | E6: =SUMPRODUCT((export2016!$E$2:$E$3279>=$E$3)*(export2016!$E$2:$E$3279<=$E$4)*(export2016!$D$2:$D$3279=A6),export2016!$I$2:$I$3279) -> 3 | F6: =E6/($E$4-$A$3) -> 0.096774194 | G6: =SUMPRODUCT((export2016!$E$2:$E$3279>=$G$3)*(export2016!$E$2:$E$3279<=$G$4)*(export2016!$D$2:$D$3279=A6),export2016!$I$2:$I$3279) -> 5 | H6: =G6/($G$4-$E$4) -> 0.17241379 | I6: =SUMPRODUCT((export2016!$E$2:$E$3279>=$I$3)*(export2016!$E$2:$E$3279<=$I$4)*(export2016!$D$2:$D$3279=A6),export2016!$I$2:$I$3279) -> 18 | J6: =I6/($I$4-$G$4) -> 0.58064516 | K6: =SUMPRODUCT((export2016!$E$2:$E$3279>=$K$3)*(export2016!$E$2:$E$3279<=$K$4)*(export2016!$D$2:$D$3279=A6),export2016!$I$2:$I$3279) -> 17 | L6: =K6/($K$4-$I$4) -> 0.56666667 | M6: =SUMPRODUCT((export2016!$E$2:$E$3279>=$M$3)*(export2016!$E$2:$E$3279<=$M$4)*(export2016!$D$2:$D$3279=A6),export2016!$I$2:$I$3279) -> 27 | N6: =M6/($M$4-$K$4) -> 0.87096774 | O6: =SUMPRODUCT((export2016!$E$2:$E$3279>=$O$3)*(export2016!$E$2:$E$3279<=$O$4)*(export2016!$D$2:$D$3279=A6),export2016!$I$2:$I$3279) -> 16 | P6: =O6/($O$4-$M$4) -> 0.53333333
A7: Gorazdova | B7: =E7+G7+I7+K7+M7+O7+Q7+S7+U7+W7+Y7+AA7 -> 196 | C7: =B7/12 -> 16.333333 | D7: =B7/($AA$4-$A$3) -> 0.53551913 | E7: =SUMPRODUCT((export2016!$E$2:$E$3279>=$E$3)*(export2016!$E$2:$E$3279<=$E$4)*(export2016!$D$2:$D$3279=A7),export2016!$I$2:$I$3279) -> 3 | F7: =E7/($E$4-$A$3) -> 0.096774194 | G7: =SUMPRODUCT((export2016!$E$2:$E$3279>=$G$3)*(export2016!$E$2:$E$3279<=$G$4)*(export2016!$D$2:$D$3279=A7),export2016!$I$2:$I$3279) -> 3 | H7: =G7/($G$4-$E$4) -> 0.10344828 | I7: =SUMPRODUCT((export2016!$E$2:$E$3279>=$I$3)*(export2016!$E$2:$E$3279<=$I$4)*(export2016!$D$2:$D$3279=A7),export2016!$I$2:$I$3279) -> 19 | J7: =I7/($I$4-$G$4) -> 0.61290323 | K7: =SUMPRODUCT((export2016!$E$2:$E$3279>=$K$3)*(export2016!$E$2:$E$3279<=$K$4)*(export2016!$D$2:$D$3279=A7),export2016!$I$2:$I$3279) -> 14 | L7: =K7/($K$4-$I$4) -> 0.46666667 | M7: =SUMPRODUCT((export2016!$E$2:$E$3279>=$M$3)*(export2016!$E$2:$E$3279<=$M$4)*(export2016!$D$2:$D$3279=A7),export2016!$I$2:$I$3279) -> 21 | N7: =M7/($M$4-$K$4) -> 0.67741935 | O7: =SUMPRODUCT((export2016!$E$2:$E$3279>=$O$3)*(export2016!$E$2:$E$3279<=$O$4)*(export2016!$D$2:$D$3279=A7),export2016!$I$2:$I$3279) -> 20 | P7: =O7/($O$4-$M$4) -> 0.66666667 | Q7: =SUMPRODUCT((export2016!$E$2:$E$3279>=$Q$3)*(export2016!$E$2:$E$3279<=$Q$4)*(export2016!$D$2:$D$3279=A7),export2016!$I$2:$I$3279) -> 29 | R7: =Q7/($Q$4-$O$4) -> 0.93548387 | S7: =SUMPRODUCT((export2016!$E$2:$E$3279>=$S$3)*(export2016!$E$2:$E$3279<=$S$4)*(export2016!$D$2:$D$3279=A7),export2016!$I$2:$I$3279) -> 16 | T7: =S7/($S$4-$Q$4) -> 0.51612903 | U7: =SUMPRODUCT((export2016!$E$2:$E$3279>=$U$3)*(export2016!$E$2:$E$3279<=$U$4)*(export2016!$D$2:$D$3279=A7),export2016!$I$2:$I$3279) -> 26 | V7: =U7/($U$4-$S$4) -> 0.86666667 | W7: =SUMPRODUCT((export2016!$E$2:$E$3279>=$W$3)*(export2016!$E$2:$E$3279<=$W$4)*(export2016!$D$2:$D$3279=A7),export2016!$I$2:$I$3279) -> 18 | X7: =W7/($W$4-$U$4) -> 0.58064516 | Y7: =SUMPRODUCT((export2016!$E$2:$E$3279>=$Y$3)*(export2016!$E$2:$E$3279<=$Y$4)*(export2016!$D$2:$D$3279=A7),export2016!$I$2:$I$3279) -> 10 | Z7: =Y7/($Y$4-$W$4) -> 0.33333333 | AA7: =SUMPRODUCT((export2016!$E$2:$E$3279>=$AA$3)*(export2016!$E$2:$E$3279<=$AA$4)*(export2016!$D$2:$D$3279=A7),export2016!$I$2:$I$3279) -> 17 | AB7: =AA7/($AA$4-$Y$4) -> 0.5483871
A8: Hybernska #01 | B8: =E8+G8+I8+K8+M8+O8+Q8+S8+U8+W8+Y8+AA8 -> 196 | C8: =B8/12 -> 16.333333 | D8: =B8/($AA$4-$A$3) -> 0.53551913 | E8: =SUMPRODUCT((export2016!$E$2:$E$3279>=$E$3)*(export2016!$E$2:$E$3279<=$E$4)*(export2016!$D$2:$D$3279=A8),export2016!$I$2:$I$3279) -> 0 | F8: =E8/($E$4-$A$3) -> 0 | G8: =SUMPRODUCT((export2016!$E$2:$E$3279>=$G$3)*(export2016!$E$2:$E$3279<=$G$4)*(export2016!$D$2:$D$3279=A8),export2016!$I$2:$I$3279) -> 6 | H8: =G8/($G$4-$E$4) -> 0.20689655 | I8: =SUMPRODUCT((export2016!$E$2:$E$3279>=$I$3)*(export2016!$E$2:$E$3279<=$I$4)*(export2016!$D$2:$D$3279=A8),export2016!$I$2:$I$3279) -> 16 | J8: =I8/($I$4-$G$4) -> 0.51612903 | K8: =SUMPRODUCT((export2016!$E$2:$E$3279>=$K$3)*(export2016!$E$2:$E$3279<=$K$4)*(export2016!$D$2:$D$3279=A8),export2016!$I$2:$I$3279) -> 13 | L8: =K8/($K$4-$I$4) -> 0.43333333 | M8: =SUMPRODUCT((export2016!$E$2:$E$3279>=$M$3)*(export2016!$E$2:$E$3279<=$M$4)*(export2016!$D$2:$D$3279=A8),export2016!$I$2:$I$3279) -> 20 | N8: =M8/($M$4-$K$4) -> 0.64516129 | O8: =SUMPRODUCT((export2016!$E$2:$E$3279>=$O$3)*(export2016!$E$2:$E$3279<=$O$4)*(export2016!$D$2:$D$3279=A8),export2016!$I$2:$I$3279) -> 13 | P8: =O8/($O$4-$M$4) -> 0.43333333 | Q8: =SUMPRODUCT((export2016!$E$2:$E$3279>=$Q$3)*(export2016!$E$2:$E$3279<=$Q$4)*(export2016!$D$2:$D$3279=A8),export2016!$I$2:$I$3279) -> 25 | R8: =Q8/($Q$4-$O$4) -> 0.80645161 | S8: =SUMPRODUCT((export2016!$E$2:$E$3279>=$S$3)*(export2016!$E$2:$E$3279<=$S$4)*(export2016!$D$2:$D$3279=A8),export2016!$I$2:$I$3279) -> 26 | T8: =S8/($S$4-$Q$4) -> 0.83870968 | U8: =SUMPRODUCT((export2016!$E$2:$E$3279>=$U$3)*(export2016!$E$2:$E$3279<=$U$4)*(export2016!$D$2:$D$3279=A8),export2016!$I$2:$I$3279) -> 20 | V8: =U8/($U$4-$S$4) -> 0.66666667 | W8: =SUMPRODUCT((export2016!$E$2:$E$3279>=$W$3)*(export2016!$E$2:$E$3279<=$W$4)*(export2016!$D$2:$D$3279=A8),export2016!$I$2:$I$3279) -> 20 | X8: =W8/($W$4-$U$4) -> 0.64516129 | Y8: =SUMPRODUCT((export2016!$E$2:$E$3279>=$Y$3)*(export2016!$E$2:$E$3279<=$Y$4)*(export2016!$D$2:$D$3279=A8),export2016!$I$2:$I$3279) -> 9 | Z8: =Y8/($Y$4-$W$4) -> 0.3 | AA8: =SUMPRODUCT((export2016!$E$2:$E$3279>=$AA$3)*(export2016!$E$2:$E$3279<=$AA$4)*(export2016!$D$2:$D$3279=A8),export2016!$I$2:$I$3279) -> 28 | AB8: =AA8/($AA$4-$Y$4) -> 0.90322581
A9: Hybernska #02 | B9: =E9+G9+I9+K9+M9+O9+Q9+S9+U9+W9+Y9+AA9 -> 228 | C9: =B9/12 -> 19 | D9: =B9/($AA$4-$A$3) -> 0.62295082 | E9: =SUMPRODUCT((export2016!$E$2:$E$3279>=$E$3)*(export2016!$E$2:$E$3279<=$E$4)*(export2016!$D$2:$D$3279=A9),export2016!$I$2:$I$3279) -> 14 | F9: =E9/($E$4-$A$3) -> 0.4516129 | G9: =SUMPRODUCT((export2016!$E$2:$E$3279>=$G$3)*(export2016!$E$2:$E$3279<=$G$4)*(export2016!$D$2:$D$3279=A9),export2016!$I$2:$I$3279) -> 20 | H9: =G9/($G$4-$E$4) -> 0.68965517 | I9: =SUMPRODUCT((export2016!$E$2:$E$3279>=$I$3)*(export2016!$E$2:$E$3279<=$I$4)*(export2016!$D$2:$D$3279=A9),export2016!$I$2:$I$3279) -> 15 | J9: =I9/($I$4-$G$4) -> 0.48387097 | K9: =SUMPRODUCT((export2016!$E$2:$E$3279>=$K$3)*(export2016!$E$2:$E$3279<=$K$4)*(export2016!$D$2:$D$3279=A9),export2016!$I$2:$I$3279) -> 9 | L9: =K9/($K$4-$I$4) -> 0.3 | M9: =SUMPRODUCT((export2016!$E$2:$E$3279>=$M$3)*(export2016!$E$2:$E$3279<=$M$4)*(export2016!$D$2:$D$3279=A9),export2016!$I$2:$I$3279) -> 21 | N9: =M9/($M$4-$K$4) -> 0.67741935 | O9: =SUMPRODUCT((export2016!$E$2:$E$3279>=$O$3)*(export2016!$E$2:$E$3279<=$O$4)*(export2016!$D$2:$D$3279=A9),export2016!$I$2:$I$3279) -> 21 | P9: =O9/($O$4-$M$4) -> 0.7 | Q9: =SUMPRODUCT((export2016!$E$2:$E$3279>=$Q$3)*(export2016!$E$2:$E$3279<=$Q$4)*(export2016!$D$2:$D$3279=A9),export2016!$I$2:$I$3279) -> 27 | R9: =Q9/($Q$4-$O$4) -> 0.87096774 | S9: =SUMPRODUCT((export2016!$E$2:$E$3279>=$S$3)*(export2016!$E$2:$E$3279<=$S$4)*(export2016!$D$2:$D$3279=A9),export2016!$I$2:$I$3279) -> 21 | T9: =S9/($S$4-$Q$4) -> 0.67741935 | U9: =SUMPRODUCT((export2016!$E$2:$E$3279>=$U$3)*(export2016!$E$2:$E$3279<=$U$4)*(export2016!$D$2:$D$3279=A9),export2016!$I$2:$I$3279) -> 21 | V9: =U9/($U$4-$S$4) -> 0.7 | W9: =SUMPRODUCT((export2016!$E$2:$E$3279>=$W$3)*(export2016!$E$2:$E$3279<=$W$4)*(export2016!$D$2:$D$3279=A9),export2016!$I$2:$I$3279) -> 24 | X9: =W9/($W$4-$U$4) -> 0.77419355 | Y9: =SUMPRODUCT((export2016!$E$2:$E$3279>=$Y$3)*(export2016!$E$2:$E$3279<=$Y$4)*(export2016!$D$2:$D$3279=A9),export2016!$I$2:$I$3279) -> 9 | Z9: =Y9/($Y$4-$W$4) -> 0.3 | AA9: =SUMPRODUCT((export2016!$E$2:$E$3279>=$AA$3)*(export2016!$E$2:$E$3279<=$AA$4)*(export2016!$D$2:$D$3279=A9),export2016!$I$2:$I$3279) -> 26 | AB9: =AA9/($AA$4-$Y$4) -> 0.83870968
A10: Hybernska #03 | B10: =E10+G10+I10+K10+M10+O10+Q10+S10+U10+W10+Y10+AA10 -> 258 | C10: =B10/12 -> 21.5 | D10: =B10/($AA$4-$A$3) -> 0.70491803 | E10: =SUMPRODUCT((export2016!$E$2:$E$3279>=$E$3)*(export2016!$E$2:$E$3279<=$E$4)*(export2016!$D$2:$D$3279=A10),export2016!$I$2:$I$3279) -> 6 | F10: =E10/($E$4-$A$3) -> 0.19354839 | G10: =SUMPRODUCT((export2016!$E$2:$E$3279>=$G$3)*(export2016!$E$2:$E$3279<=$G$4)*(export2016!$D$2:$D$3279=A10),export2016!$I$2:$I$3279) -> 9 | H10: =G10/($G$4-$E$4) -> 0.31034483 | I10: =SUMPRODUCT((export2016!$E$2:$E$3279>=$I$3)*(export2016!$E$2:$E$3279<=$I$4)*(export2016!$D$2:$D$3279=A10),export2016!$I$2:$I$3279) -> 23 | J10: =I10/($I$4-$G$4) -> 0.74193548 | K10: =SUMPRODUCT((export2016!$E$2:$E$3279>=$K$3)*(export2016!$E$2:$E$3279<=$K$4)*(export2016!$D$2:$D$3279=A10),export2016!$I$2:$I$3279) -> 25 | L10: =K10/($K$4-$I$4) -> 0.83333333 | M10: =SUMPRODUCT((export2016!$E$2:$E$3279>=$M$3)*(export2016!$E$2:$E$3279<=$M$4)*(export2016!$D$2:$D$3279=A10),export2016!$I$2:$I$3279) -> 33 | N10: =M10/($M$4-$K$4) -> 1.0645161 | O10: =SUMPRODUCT((export2016!$E$2:$E$3279>=$O$3)*(export2016!$E$2:$E$3279<=$O$4)*(export2016!$D$2:$D$3279=A10),export2016!$I$2:$I$3279) -> 22 | P10: =O10/($O$4-$M$4) -> 0.73333333 | Q10: =SUMPRODUCT((export2016!$E$2:$E$3279>=$Q$3)*(export2016!$E$2:$E$3279<=$Q$4)*(export2016!$D$2:$D$3279=A10),export2016!$I$2:$I$3279) -> 31 | R10: =Q10/($Q$4-$O$4) -> 1 | S10: =SUMPRODUCT((export2016!$E$2:$E$3279>=$S$3)*(export2016!$E$2:$E$3279<=$S$4)*(export2016!$D$2:$D$3279=A10),export2016!$I$2:$I$3279) -> 24 | T10: =S10/($S$4-$Q$4) -> 0.77419355 | U10: =SUMPRODUCT((export2016!$E$2:$E$3279>=$U$3)*(export2016!$E$2:$E$3279<=$U$4)*(export2016!$D$2:$D$3279=A10),export2016!$I$2:$I$3279) -> 23 | V10: =U10/($U$4-$S$4) -> 0.76666667 | W10: =SUMPRODUCT((export2016!$E$2:$E$3279>=$W$3)*(export2016!$E$2:$E$3279<=$W$4)*(export2016!$D$2:$D$3279=A10),export2016!$I$2:$I$3279) -> 22 | X10: =W10/($W$4-$U$4) -> 0.70967742 | Y10: =SUMPRODUCT((export2016!$E$2:$E$3279>=$Y$3)*(export2016!$E$2:$E$3279<=$Y$4)*(export2016!$D$2:$D$3279=A10),export2016!$I$2:$I$3279) -> 17 | Z10: =Y10/($Y$4-$W$4) -> 0.56666667 | AA10: =SUMPRODUCT((export2016!$E$2:$E$3279>=$AA$3)*(export2016!$E$2:$E$3279<=$AA$4)*(export2016!$D$2:$D$3279=A10),export2016!$I$2:$I$3279) -> 23 | AB10: =AA10/($AA$4-$Y$4) -> 0.74193548
A11: Hybernska #04 | B11: =E11+G11+I11+K11+M11+O11+Q11+S11+U11+W11+Y11+AA11 -> 207 | C11: =B11/12 -> 17.25 | D11: =B11/($AA$4-$A$3) -> 0.56557377 | E11: =SUMPRODUCT((export2016!$E$2:$E$3279>=$E$3)*(export2016!$E$2:$E$3279<=$E$4)*(export2016!$D$2:$D$3279=A11),export2016!$I$2:$I$3279) -> 2 | F11: =E11/($E$4-$A$3) -> 0.064516129 | G11: =SUMPRODUCT((export2016!$E$2:$E$3279>=$G$3)*(export2016!$E$2:$E$3279<=$G$4)*(export2016!$D$2:$D$3279=A11),export2016!$I$2:$I$3279) -> 8 | H11: =G11/($G$4-$E$4) -> 0.27586207 | I11: =SUMPRODUCT((export2016!$E$2:$E$3279>=$I$3)*(export2016!$E$2:$E$3279<=$I$4)*(export2016!$D$2:$D$3279=A11),export2016!$I$2:$I$3279) -> 14 | J11: =I11/($I$4-$G$4) -> 0.4516129 | K11: =SUMPRODUCT((export2016!$E$2:$E$3279>=$K$3)*(export2016!$E$2:$E$3279<=$K$4)*(export2016!$D$2:$D$3279=A11),export2016!$I$2:$I$3279) -> 22 | L11: =K11/($K$4-$I$4) -> 0.73333333 | M11: =SUMPRODUCT((export2016!$E$2:$E$3279>=$M$3)*(export2016!$E$2:$E$3279<=$M$4)*(export2016!$D$2:$D$3279=A11),export2016!$I$2:$I$3279) -> 26 | N11: =M11/($M$4-$K$4) -> 0.83870968 | O11: =SUMPRODUCT((export2016!$E$2:$E$3279>=$O$3)*(export2016!$E$2:$E$3279<=$O$4)*(export2016!$D$2:$D$3279=A11),export2016!$I$2:$I$3279) -> 16 | P11: =O11/($O$4-$M$4) -> 0.53333333 | Q11: =SUMPRODUCT((export2016!$E$2:$E$3279>=$Q$3)*(export2016!$E$2:$E$3279<=$Q$4)*(export2016!$D$2:$D$3279=A11),export2016!$I$2:$I$3279) -> 25 | R11: =Q11/($Q$4-$O$4) -> 0.80645161 | S11: =SUMPRODUCT((export2016!$E$2:$E$3279>=$S$3)*(export2016!$E$2:$E$3279<=$S$4)*(export2016!$D$2:$D$3279=A11),export2016!$I$2:$I$3279) -> 21 | T11: =S11/($S$4-$Q$4) -> 0.67741935 | U11: =SUMPRODUCT((export2016!$E$2:$E$3279>=$U$3)*(export2016!$E$2:$E$3279<=$U$4)*(export2016!$D$2:$D$3279=A11),export2016!$I$2:$I$3279) -> 24 | V11: =U11/($U$4-$S$4) -> 0.8 | W11: =SUMPRODUCT((export2016!$E$2:$E$3279>=$W$3)*(export2016!$E$2:$E$3279<=$W$4)*(export2016!$D$2:$D$3279=A11),export2016!$I$2:$I$3279) -> 18 | X11: =W11/($W$4-$U$4) -> 0.58064516 | Y11: =SUMPRODUCT((export2016!$E$2:$E$3279>=$Y$3)*(export2016!$E$2:$E$3279<=$Y$4)*(export2016!$D$2:$D$3279=A11),export2016!$I$2:$I$3279) -> 11 | Z11: =Y11/($Y$4-$W$4) -> 0.36666667 | AA11: =SUMPRODUCT((export2016!$E$2:$E$3279>=$AA$3)*(export2016!$E$2:$E$3279<=$AA$4)*(export2016!$D$2:$D$3279=A11),export2016!$I$2:$I$3279) -> 20 | AB11: =AA11/($AA$4-$Y$4) -> 0.64516129
A12: Hybernska #05 | B12: =E12+G12+I12+K12+M12+O12+Q12+S12+U12+W12+Y12+AA12 -> 251 | C12: =B12/12 -> 20.916667 | D12: =B12/($AA$4-$A$3) -> 0.68579235 | E12: =SUMPRODUCT((export2016!$E$2:$E$3279>=$E$3)*(export2016!$E$2:$E$3279<=$E$4)*(export2016!$D$2:$D$3279=A12),export2016!$I$2:$I$3279) -> 4 | F12: =E12/($E$4-$A$3) -> 0.12903226 | G12: =SUMPRODUCT((export2016!$E$2:$E$3279>=$G$3)*(export2016!$E$2:$E$3279<=$G$4)*(export2016!$D$2:$D$3279=A12),export2016!$I$2:$I$3279) -> 6 | H12: =G12/($G$4-$E$4) -> 0.20689655 | I12: =SUMPRODUCT((export2016!$E$2:$E$3279>=$I$3)*(export2016!$E$2:$E$3279<=$I$4)*(export2016!$D$2:$D$3279=A12),export2016!$I$2:$I$3279) -> 24 | J12: =I12/($I$4-$G$4) -> 0.77419355 | K12: =SUMPRODUCT((export2016!$E$2:$E$3279>=$K$3)*(export2016!$E$2:$E$3279<=$K$4)*(export2016!$D$2:$D$3279=A12),export2016!$I$2:$I$3279) -> 27 | L12: =K12/($K$4-$I$4) -> 0.9 | M12: =SUMPRODUCT((export2016!$E$2:$E$3279>=$M$3)*(export2016!$E$2:$E$3279<=$M$4)*(export2016!$D$2:$D$3279=A12),export2016!$I$2:$I$3279) -> 29 | N12: =M12/($M$4-$K$4) -> 0.93548387 | O12: =SUMPRODUCT((export2016!$E$2:$E$3279>=$O$3)*(export2016!$E$2:$E$3279<=$O$4)*(export2016!$D$2:$D$3279=A12),export2016!$I$2:$I$3279) -> 29 | P12: =O12/($O$4-$M$4) -> 0.96666667 | Q12: =SUMPRODUCT((export2016!$E$2:$E$3279>=$Q$3)*(export2016!$E$2:$E$3279<=$Q$4)*(export2016!$D$2:$D$3279=A12),export2016!$I$2:$I$3279) -> 26 | R12: =Q12/($Q$4-$O$4) -> 0.83870968 | S12: =SUMPRODUCT((export2016!$E$2:$E$3279>=$S$3)*(export2016!$E$2:$E$3279<=$S$4)*(export2016!$D$2:$D$3279=A12),export2016!$I$2:$I$3279) -> 23 | T12: =S12/($S$4-$Q$4) -> 0.74193548 | U12: =SUMPRODUCT((export2016!$E$2:$E$3279>=$U$3)*(export2016!$E$2:$E$3279<=$U$4)*(export2016!$D$2:$D$3279=A12),export2016!$I$2:$I$3279) -> 25 | V12: =U12/($U$4-$S$4) -> 0.83333333 | W12: =SUMPRODUCT((export2016!$E$2:$E$3279>=$W$3)*(export2016!$E$2:$E$3279<=$W$4)*(export2016!$D$2:$D$3279=A12),export2016!$I$2:$I$3279) -> 20 | X12: =W12/($W$4-$U$4) -> 0.64516129 | Y12: =SUMPRODUCT((export2016!$E$2:$E$3279>=$Y$3)*(export2016!$E$2:$E$3279<=$Y$4)*(export2016!$D$2:$D$3279=A12),export2016!$I$2:$I$3279) -> 15 | Z12: =Y12/($Y$4-$W$4) -> 0.5 | AA12: =SUMPRODUCT((export2016!$E$2:$E$3279>=$AA$3)*(export2016!$E$2:$E$3279<=$AA$4)*(export2016!$D$2:$D$3279=A12),export2016!$I$2:$I$3279) -> 23 | AB12: =AA12/($AA$4-$Y$4) -> 0.74193548
A13: Hybernska #06 | B13: =E13+G13+I13+K13+M13+O13+Q13+S13+U13+W13+Y13+AA13 -> 257 | C13: =B13/12 -> 21.416667 | D13: =B13/($AA$4-$A$3) -> 0.70218579 | E13: =SUMPRODUCT((export2016!$E$2:$E$3279>=$E$3)*(export2016!$E$2:$E$3279<=$E$4)*(export2016!$D$2:$D$3279=A13),export2016!$I$2:$I$3279) -> 9 | F13: =E13/($E$4-$A$3) -> 0.29032258 | G13: =SUMPRODUCT((export2016!$E$2:$E$3279>=$G$3)*(export2016!$E$2:$E$3279<=$G$4)*(export2016!$D$2:$D$3279=A13),export2016!$I$2:$I$3279) -> 13 | H13: =G13/($G$4-$E$4) -> 0.44827586 | I13: =SUMPRODUCT((export2016!$E$2:$E$3279>=$I$3)*(export2016!$E$2:$E$3279<=$I$4)*(export2016!$D$2:$D$3279=A13),export2016!$I$2:$I$3279) -> 13 | J13: =I13/($I$4-$G$4) -> 0.41935484 | K13: =SUMPRODUCT((export2016!$E$2:$E$3279>=$K$3)*(export2016!$E$2:$E$3279<=$K$4)*(export2016!$D$2:$D$3279=A13),export2016!$I$2:$I$3279) -> 26 | L13: =K13/($K$4-$I$4) -> 0.86666667 | M13: =SUMPRODUCT((export2016!$E$2:$E$3279>=$M$3)*(export2016!$E$2:$E$3279<=$M$4)*(export2016!$D$2:$D$3279=A13),export2016!$I$2:$I$3279) -> 25 | N13: =M13/($M$4-$K$4) -> 0.80645161 | O13: =SUMPRODUCT((export2016!$E$2:$E$3279>=$O$3)*(export2016!$E$2:$E$3279<=$O$4)*(export2016!$D$2:$D$3279=A13),export2016!$I$2:$I$3279) -> 29 | P13: =O13/($O$4-$M$4) -> 0.96666667 | Q13: =SUMPRODUCT((export2016!$E$2:$E$3279>=$Q$3)*(export2016!$E$2:$E$3279<=$Q$4)*(export2016!$D$2:$D$3279=A13),export2016!$I$2:$I$3279) -> 27 | R13: =Q13/($Q$4-$O$4) -> 0.87096774 | S13: =SUMPRODUCT((export2016!$E$2:$E$3279>=$S$3)*(export2016!$E$2:$E$3279<=$S$4)*(export2016!$D$2:$D$3279=A13),export2016!$I$2:$I$3279) -> 27 | T13: =S13/($S$4-$Q$4) -> 0.87096774 | U13: =SUMPRODUCT((export2016!$E$2:$E$3279>=$U$3)*(export2016!$E$2:$E$3279<=$U$4)*(export2016!$D$2:$D$3279=A13),export2016!$I$2:$I$3279) -> 25 | V13: =U13/($U$4-$S$4) -> 0.83333333 | W13: =SUMPRODUCT((export2016!$E$2:$E$3279>=$W$3)*(export2016!$E$2:$E$3279<=$W$4)*(export2016!$D$2:$D$3279=A13),export2016!$I$2:$I$3279) -> 24 | X13: =W13/($W$4-$U$4) -> 0.77419355 | Y13: =SUMPRODUCT((export2016!$E$2:$E$3279>=$Y$3)*(export2016!$E$2:$E$3279<=$Y$4)*(export2016!$D$2:$D$3279=A13),export2016!$I$2:$I$3279) -> 10 | Z13: =Y13/($Y$4-$W$4) -> 0.33333333 | AA13: =SUMPRODUCT((export2016!$E$2:$E$3279>=$AA$3)*(export2016!$E$2:$E$3279<=$AA$4)*(export2016!$D$2:$D$3279=A13),export2016!$I$2:$I$3279) -> 29 | AB13: =AA13/($AA$4-$Y$4) -> 0.93548387
A14: Hybernska #07 | B14: =E14+G14+I14+K14+M14+O14+Q14+S14+U14+W14+Y14+AA14 -> 231 | C14: =B14/12 -> 19.25 | D14: =B14/($AA$4-$A$3) -> 0.63114754 | E14: =SUMPRODUCT((export2016!$E$2:$E$3279>=$E$3)*(export2016!$E$2:$E$3279<=$E$4)*(export2016!$D$2:$D$3279=A14),export2016!$I$2:$I$3279) -> 4 | F14: =E14/($E$4-$A$3) -> 0.12903226 | G14: =SUMPRODUCT((export2016!$E$2:$E$3279>=$G$3)*(export2016!$E$2:$E$3279<=$G$4)*(export2016!$D$2:$D$3279=A14),export2016!$I$2:$I$3279) -> 2 | H14: =G14/($G$4-$E$4) -> 0.068965517 | I14: =SUMPRODUCT((export2016!$E$2:$E$3279>=$I$3)*(export2016!$E$2:$E$3279<=$I$4)*(export2016!$D$2:$D$3279=A14),export2016!$I$2:$I$3279) -> 23 | J14: =I14/($I$4-$G$4) -> 0.74193548 | K14: =SUMPRODUCT((export2016!$E$2:$E$3279>=$K$3)*(export2016!$E$2:$E$3279<=$K$4)*(export2016!$D$2:$D$3279=A14),export2016!$I$2:$I$3279) -> 27 | L14: =K14/($K$4-$I$4) -> 0.9 | M14: =SUMPRODUCT((export2016!$E$2:$E$3279>=$M$3)*(export2016!$E$2:$E$3279<=$M$4)*(export2016!$D$2:$D$3279=A14),export2016!$I$2:$I$3279) -> 20 | N14: =M14/($M$4-$K$4) -> 0.64516129 | O14: =SUMPRODUCT((export2016!$E$2:$E$3279>=$O$3)*(export2016!$E$2:$E$3279<=$O$4)*(export2016!$D$2:$D$3279=A14),export2016!$I$2:$I$3279) -> 26 | P14: =O14/($O$4-$M$4) -> 0.86666667 | Q14: =SUMPRODUCT((export2016!$E$2:$E$3279>=$Q$3)*(export2016!$E$2:$E$3279<=$Q$4)*(export2016!$D$2:$D$3279=A14),export2016!$I$2:$I$3279) -> 26 | R14: =Q14/($Q$4-$O$4) -> 0.83870968 | S14: =SUMPRODUCT((export2016!$E$2:$E$3279>=$S$3)*(export2016!$E$2:$E$3279<=$S$4)*(export2016!$D$2:$D$3279=A14),export2016!$I$2:$I$3279) -> 23 | T14: =S14/($S$4-$Q$4) -> 0.74193548 | U14: =SUMPRODUCT((export2016!$E$2:$E$3279>=$U$3)*(export2016!$E$2:$E$3279<=$U$4)*(export2016!$D$2:$D$3279=A14),export2016!$I$2:$I$3279) -> 20 | V14: =U14/($U$4-$S$4) -> 0.66666667 | W14: =SUMPRODUCT((export2016!$E$2:$E$3279>=$W$3)*(export2016!$E$2:$E$3279<=$W$4)*(export2016!$D$2:$D$3279=A14),export2016!$I$2:$I$3279) -> 24 | X14: =W14/($W$4-$U$4) -> 0.77419355 | Y14: =SUMPRODUCT((export2016!$E$2:$E$3279>=$Y$3)*(export2016!$E$2:$E$3279<=$Y$4)*(export2016!$D$2:$D$3279=A14),export2016!$I$2:$I$3279) -> 14 | Z14: =Y14/($Y$4-$W$4) -> 0.46666667 | AA14: =SUMPRODUCT((export2016!$E$2:$E$3279>=$AA$3)*(export2016!$E$2:$E$3279<=$AA$4)*(export2016!$D$2:$D$3279=A14),export2016!$I$2:$I$3279) -> 22 | AB14: =AA14/($AA$4-$Y$4) -> 0.70967742
A15: Hybernska #08 | B15: =E15+G15+I15+K15+M15+O15+Q15+S15+U15+W15+Y15+AA15 -> 243 | C15: =B15/12 -> 20.25 | D15: =B15/($AA$4-$A$3) -> 0.66393443 | E15: =SUMPRODUCT((export2016!$E$2:$E$3279>=$E$3)*(export2016!$E$2:$E$3279<=$E$4)*(export2016!$D$2:$D$3279=A15),export2016!$I$2:$I$3279) -> 2 | F15: =E15/($E$4-$A$3) -> 0.064516129 | G15: =SUMPRODUCT((export2016!$E$2:$E$3279>=$G$3)*(export2016!$E$2:$E$3279<=$G$4)*(export2016!$D$2:$D$3279=A15),export2016!$I$2:$I$3279) -> 10 | H15: =G15/($G$4-$E$4) -> 0.34482759 | I15: =SUMPRODUCT((export2016!$E$2:$E$3279>=$I$3)*(export2016!$E$2:$E$3279<=$I$4)*(export2016!$D$2:$D$3279=A15),export2016!$I$2:$I$3279) -> 20 | J15: =I15/($I$4-$G$4) -> 0.64516129 | K15: =SUMPRODUCT((export2016!$E$2:$E$3279>=$K$3)*(export2016!$E$2:$E$3279<=$K$4)*(export2016!$D$2:$D$3279=A15),export2016!$I$2:$I$3279) -> 29 | L15: =K15/($K$4-$I$4) -> 0.96666667 | M15: =SUMPRODUCT((export2016!$E$2:$E$3279>=$M$3)*(export2016!$E$2:$E$3279<=$M$4)*(export2016!$D$2:$D$3279=A15),export2016!$I$2:$I$3279) -> 26 | N15: =M15/($M$4-$K$4) -> 0.83870968 | O15: =SUMPRODUCT((export2016!$E$2:$E$3279>=$O$3)*(export2016!$E$2:$E$3279<=$O$4)*(export2016!$D$2:$D$3279=A15),export2016!$I$2:$I$3279) -> 19 | P15: =O15/($O$4-$M$4) -> 0.63333333 | Q15: =SUMPRODUCT((export2016!$E$2:$E$3279>=$Q$3)*(export2016!$E$2:$E$3279<=$Q$4)*(export2016!$D$2:$D$3279=A15),export2016!$I$2:$I$3279) -> 28 | R15: =Q15/($Q$4-$O$4) -> 0.90322581 | S15: =SUMPRODUCT((export2016!$E$2:$E$3279>=$S$3)*(export2016!$E$2:$E$3279<=$S$4)*(export2016!$D$2:$D$3279=A15),export2016!$I$2:$I$3279) -> 21 | T15: =S15/($S$4-$Q$4) -> 0.67741935 | U15: =SUMPRODUCT((export2016!$E$2:$E$3279>=$U$3)*(export2016!$E$2:$E$3279<=$U$4)*(export2016!$D$2:$D$3279=A15),export2016!$I$2:$I$3279) -> 34 | V15: =U15/($U$4-$S$4) -> 1.1333333 | W15: =SUMPRODUCT((export2016!$E$2:$E$3279>=$W$3)*(export2016!$E$2:$E$3279<=$W$4)*(export2016!$D$2:$D$3279=A15),export2016!$I$2:$I$3279) -> 15 | X15: =W15/($W$4-$U$4) -> 0.48387097 | Y15: =SUMPRODUCT((export2016!$E$2:$E$3279>=$Y$3)*(export2016!$E$2:$E$3279<=$Y$4)*(export2016!$D$2:$D$3279=A15),export2016!$I$2:$I$3279) -> 14 | Z15: =Y15/($Y$4-$W$4) -> 0.46666667 | AA15: =SUMPRODUCT((export2016!$E$2:$E$3279>=$AA$3)*(export2016!$E$2:$E$3279<=$AA$4)*(export2016!$D$2:$D$3279=A15),export2016!$I$2:$I$3279) -> 25 | AB15: =AA15/($AA$4-$Y$4) -> 0.80645161
A16: Hybernska #09 | B16: =E16+G16+I16+K16+M16+O16+Q16+S16+U16+W16+Y16+AA16 -> 232 | C16: =B16/12 -> 19.333333 | D16: =B16/($AA$4-$A$3) -> 0.63387978 | E16: =SUMPRODUCT((export2016!$E$2:$E$3279>=$E$3)*(export2016!$E$2:$E$3279<=$E$4)*(export2016!$D$2:$D$3279=A16),export2016!$I$2:$I$3279) -> 17 | F16: =E16/($E$4-$A$3) -> 0.5483871 | G16: =SUMPRODUCT((export2016!$E$2:$E$3279>=$G$3)*(export2016!$E$2:$E$3279<=$G$4)*(export2016!$D$2:$D$3279=A16),export2016!$I$2:$I$3279) -> 16 | H16: =G16/($G$4-$E$4) -> 0.55172414 | I16: =SUMPRODUCT((export2016!$E$2:$E$3279>=$I$3)*(export2016!$E$2:$E$3279<=$I$4)*(export2016!$D$2:$D$3279=A16),export2016!$I$2:$I$3279) -> 20 | J16: =I16/($I$4-$G$4) -> 0.64516129 | K16: =SUMPRODUCT((export2016!$E$2:$E$3279>=$K$3)*(export2016!$E$2:$E$3279<=$K$4)*(export2016!$D$2:$D$3279=A16),export2016!$I$2:$I$3279) -> 23 | L16: =K16/($K$4-$I$4) -> 0.76666667 | M16: =SUMPRODUCT((export2016!$E$2:$E$3279>=$M$3)*(export2016!$E$2:$E$3279<=$M$4)*(export2016!$D$2:$D$3279=A16),export2016!$I$2:$I$3279) -> 15 | N16: =M16/($M$4-$K$4) -> 0.48387097 | O16: =SUMPRODUCT((export2016!$E$2:$E$3279>=$O$3)*(export2016!$E$2:$E$3279<=$O$4)*(export2016!$D$2:$D$3279=A16),export2016!$I$2:$I$3279) -> 18 | P16: =O16/($O$4-$M$4) -> 0.6 | Q16: =SUMPRODUCT((export2016!$E$2:$E$3279>=$Q$3)*(export2016!$E$2:$E$3279<=$Q$4)*(export2016!$D$2:$D$3279=A16),export2016!$I$2:$I$3279) -> 31 | R16: =Q16/($Q$4-$O$4) -> 1 | S16: =SUMPRODUCT((export2016!$E$2:$E$3279>=$S$3)*(export2016!$E$2:$E$3279<=$S$4)*(export2016!$D$2:$D$3279=A16),export2016!$I$2:$I$3279) -> 17 | T16: =S16/($S$4-$Q$4) -> 0.5483871 | U16: =SUMPRODUCT((export2016!$E$2:$E$3279>=$U$3)*(export2016!$E$2:$E$3279<=$U$4)*(export2016!$D$2:$D$3279=A16),export2016!$I$2:$I$3279) -> 17 | V16: =U16/($U$4-$S$4) -> 0.56666667 | W16: =SUMPRODUCT((export2016!$E$2:$E$3279>=$W$3)*(export2016!$E$2:$E$3279<=$W$4)*(export2016!$D$2:$D$3279=A16),export2016!$I$2:$I$3279) -> 25 | X16: =W16/($W$4-$U$4) -> 0.80645161 | Y16: =SUMPRODUCT((export2016!$E$2:$E$3279>=$Y$3)*(export2016!$E$2:$E$3279<=$Y$4)*(export2016!$D$2:$D$3279=A16),export2016!$I$2:$I$3279) -> 14 | Z16: =Y16/($Y$4-$W$4) -> 0.46666667 | AA16: =SUMPRODUCT((export2016!$E$2:$E$3279>=$AA$3)*(export2016!$E$2:$E$3279<=$AA$4)*(export2016!$D$2:$D$3279=A16),export2016!$I$2:$I$3279) -> 19 | AB16: =AA16/($AA$4-$Y$4) -> 0.61290323
A17: Hybernska #10 | B17: =E17+G17+I17+K17+M17+O17+Q17+S17+U17+W17+Y17+AA17 -> 288 | C17: =B17/12 -> 24 | D17: =B17/($AA$4-$A$3) -> 0.78688525 | E17: =SUMPRODUCT((export2016!$E$2:$E$3279>=$E$3)*(export2016!$E$2:$E$3279<=$E$4)*(export2016!$D$2:$D$3279=A17),export2016!$I$2:$I$3279) -> 13 | F17: =E17/($E$4-$A$3) -> 0.41935484 | G17: =SUMPRODUCT((export2016!$E$2:$E$3279>=$G$3)*(export2016!$E$2:$E$3279<=$G$4)*(export2016!$D$2:$D$3279=A17),export2016!$I$2:$I$3279) -> 15 | H17: =G17/($G$4-$E$4) -> 0.51724138 | I17: =SUMPRODUCT((export2016!$E$2:$E$3279>=$I$3)*(export2016!$E$2:$E$3279<=$I$4)*(export2016!$D$2:$D$3279=A17),export2016!$I$2:$I$3279) -> 28 | J17: =I17/($I$4-$G$4) -> 0.90322581 | K17: =SUMPRODUCT((export2016!$E$2:$E$3279>=$K$3)*(export2016!$E$2:$E$3279<=$K$4)*(export2016!$D$2:$D$3279=A17),export2016!$I$2:$I$3279) -> 26 | L17: =K17/($K$4-$I$4) -> 0.86666667 | M17: =SUMPRODUCT((export2016!$E$2:$E$3279>=$M$3)*(export2016!$E$2:$E$3279<=$M$4)*(export2016!$D$2:$D$3279=A17),export2016!$I$2:$I$3279) -> 31 | N17: =M17/($M$4-$K$4) -> 1 | O17: =SUMPRODUCT((export2016!$E$2:$E$3279>=$O$3)*(export2016!$E$2:$E$3279<=$O$4)*(export2016!$D$2:$D$3279=A17),export2016!$I$2:$I$3279) -> 27 | P17: =O17/($O$4-$M$4) -> 0.9 | Q17: =SUMPRODUCT((export2016!$E$2:$E$3279>=$Q$3)*(export2016!$E$2:$E$3279<=$Q$4)*(export2016!$D$2:$D$3279=A17),export2016!$I$2:$I$3279) -> 28 | R17: =Q17/($Q$4-$O$4) -> 0.90322581 | S17: =SUMPRODUCT((export2016!$E$2:$E$3279>=$S$3)*(export2016!$E$2:$E$3279<=$S$4)*(export2016!$D$2:$D$3279=A17),export2016!$I$2:$I$3279) -> 30 | T17: =S17/($S$4-$Q$4) -> 0.96774194 | U17: =SUMPRODUCT((export2016!$E$2:$E$3279>=$U$3)*(export2016!$E$2:$E$3279<=$U$4)*(export2016!$D$2:$D$3279=A17),export2016!$I$2:$I$3279) -> 26 | V17: =U17/($U$4-$S$4) -> 0.86666667 | W17: =SUMPRODUCT((export2016!$E$2:$E$3279>=$W$3)*(export2016!$E$2:$E$3279<=$W$4)*(export2016!$D$2:$D$3279=A17),export2016!$I$2:$I$3279) -> 20 | X17: =W17/($W$4-$U$4) -> 0.64516129 | Y17: =SUMPRODUCT((export2016!$E$2:$E$3279>=$Y$3)*(export2016!$E$2:$E$3279<=$Y$4)*(export2016!$D$2:$D$3279=A17),export2016!$I$2:$I$3279) -> 16 | Z17: =Y17/($Y$4-$W$4) -> 0.53333333 | AA17: =SUMPRODUCT((export2016!$E$2:$E$3279>=$AA$3)*(export2016!$E$2:$E$3279<=$AA$4)*(export2016!$D$2:$D$3279=A17),export2016!$I$2:$I$3279) -> 28 | AB17: =AA17/($AA$4-$Y$4) -> 0.90322581
A18: Hybernska #11 | B18: =E18+G18+I18+K18+M18+O18+Q18+S18+U18+W18+Y18+AA18 -> 245 | C18: =B18/12 -> 20.416667 | D18: =B18/($AA$4-$A$3) -> 0.66939891 | E18: =SUMPRODUCT((export2016!$E$2:$E$3279>=$E$3)*(export2016!$E$2:$E$3279<=$E$4)*(export2016!$D$2:$D$3279=A18),export2016!$I$2:$I$3279) -> 11 | F18: =E18/($E$4-$A$3) -> 0.35483871 | G18: =SUMPRODUCT((export2016!$E$2:$E$3279>=$G$3)*(export2016!$E$2:$E$3279<=$G$4)*(export2016!$D$2:$D$3279=A18),export2016!$I$2:$I$3279) -> 13 | H18: =G18/($G$4-$E$4) -> 0.44827586 | I18: =SUMPRODUCT((export2016!$E$2:$E$3279>=$I$3)*(export2016!$E$2:$E$3279<=$I$4)*(export2016!$D$2:$D$3279=A18),export2016!$I$2:$I$3279) -> 16 | J18: =I18/($I$4-$G$4) -> 0.51612903 | K18: =SUMPRODUCT((export2016!$E$2:$E$3279>=$K$3)*(export2016!$E$2:$E$3279<=$K$4)*(export2016!$D$2:$D$3279=A18),export2016!$I$2:$I$3279) -> 18 | L18: =K18/($K$4-$I$4) -> 0.6 | M18: =SUMPRODUCT((export2016!$E$2:$E$3279>=$M$3)*(export2016!$E$2:$E$3279<=$M$4)*(export2016!$D$2:$D$3279=A18),export2016!$I$2:$I$3279) -> 24 | N18: =M18/($M$4-$K$4) -> 0.77419355 | O18: =SUMPRODUCT((export2016!$E$2:$E$3279>=$O$3)*(export2016!$E$2:$E$3279<=$O$4)*(export2016!$D$2:$D$3279=A18),export2016!$I$2:$I$3279) -> 20 | P18: =O18/($O$4-$M$4) -> 0.66666667 | Q18: =SUMPRODUCT((export2016!$E$2:$E$3279>=$Q$3)*(export2016!$E$2:$E$3279<=$Q$4)*(export2016!$D$2:$D$3279=A18),export2016!$I$2:$I$3279) -> 29 | R18: =Q18/($Q$4-$O$4) -> 0.93548387 | S18: =SUMPRODUCT((export2016!$E$2:$E$3279>=$S$3)*(export2016!$E$2:$E$3279<=$S$4)*(export2016!$D$2:$D$3279=A18),export2016!$I$2:$I$3279) -> 25 | T18: =S18/($S$4-$Q$4) -> 0.80645161 | U18: =SUMPRODUCT((export2016!$E$2:$E$3279>=$U$3)*(export2016!$E$2:$E$3279<=$U$4)*(export2016!$D$2:$D$3279=A18),export2016!$I$2:$I$3279) -> 27 | V18: =U18/($U$4-$S$4) -> 0.9 | W18: =SUMPRODUCT((export2016!$E$2:$E$3279>=$W$3)*(export2016!$E$2:$E$3279<=$W$4)*(export2016!$D$2:$D$3279=A18),export2016!$I$2:$I$3279) -> 26 | X18: =W18/($W$4-$U$4) -> 0.83870968 | Y18: =SUMPRODUCT((export2016!$E$2:$E$3279>=$Y$3)*(export2016!$E$2:$E$3279<=$Y$4)*(export2016!$D$2:$D$3279=A18),export2016!$I$2:$I$3279) -> 14 | Z18: =Y18/($Y$4-$W$4) -> 0.46666667 | AA18: =SUMPRODUCT((export2016!$E$2:$E$3279>=$AA$3)*(export2016!$E$2:$E$3279<=$AA$4)*(export2016!$D$2:$D$3279=A18),export2016!$I$2:$I$3279) -> 22 | AB18: =AA18/($AA$4-$Y$4) -> 0.70967742
... A20: Hybernska #14 | B20: =E20+G20+I20+K20+M20+O20+Q20+S20+U20+W20+Y20+AA20 -> 268 | C20: =B20/12 -> 22.333333 | D20: =B20/($AA$4-$A$3) -> 0.73224044 | E20: =SUMPRODUCT((export2016!$E$2:$E$3279>=$E$3)*(export2016!$E$2:$E$3279<=$E$4)*(export2016!$D$2:$D$3279=A20),export2016!$I$2:$I$3279) -> 9 | F20: =E20/($E$4-$A$3) -> 0.29032258 | G20: =SUMPRODUCT((export2016!$E$2:$E$3279>=$G$3)*(export2016!$E$2:$E$3279<=$G$4)*(export2016!$D$2:$D$3279=A20),export2016!$I$2:$I$3279) -> 22 | H20: =G20/($G$4-$E$4) -> 0.75862069 | I20: =SUMPRODUCT((export2016!$E$2:$E$3279>=$I$3)*(export2016!$E$2:$E$3279<=$I$4)*(export2016!$D$2:$D$3279=A20),export2016!$I$2:$I$3279) -> 18 | J20: =I20/($I$4-$G$4) -> 0.58064516 | K20: =SUMPRODUCT((export2016!$E$2:$E$3279>=$K$3)*(export2016!$E$2:$E$3279<=$K$4)*(export2016!$D$2:$D$3279=A20),export2016!$I$2:$I$3279) -> 25 | L20: =K20/($K$4-$I$4) -> 0.83333333 | M20: =SUMPRODUCT((export2016!$E$2:$E$3279>=$M$3)*(export2016!$E$2:$E$3279<=$M$4)*(export2016!$D$2:$D$3279=A20),export2016!$I$2:$I$3279) -> 25 | N20: =M20/($M$4-$K$4) -> 0.80645161 | O20: =SUMPRODUCT((export2016!$E$2:$E$3279>=$O$3)*(export2016!$E$2:$E$3279<=$O$4)*(export2016!$D$2:$D$3279=A20),export2016!$I$2:$I$3279) -> 19 | P20: =O20/($O$4-$M$4) -> 0.63333333 | Q20: =SUMPRODUCT((export2016!$E$2:$E$3279>=$Q$3)*(export2016!$E$2:$E$3279<=$Q$4)*(export2016!$D$2:$D$3279=A20),export2016!$I$2:$I$3279) -> 30 | R20: =Q20/($Q$4-$O$4) -> 0.96774194 | S20: =SUMPRODUCT((export2016!$E$2:$E$3279>=$S$3)*(export2016!$E$2:$E$3279<=$S$4)*(export2016!$D$2:$D$3279=A20),export2016!$I$2:$I$3279) -> 25 | T20: =S20/($S$4-$Q$4) -> 0.80645161 | U20: =SUMPRODUCT((export2016!$E$2:$E$3279>=$U$3)*(export2016!$E$2:$E$3279<=$U$4)*(export2016!$D$2:$D$3279=A20),export2016!$I$2:$I$3279) -> 26 | V20: =U20/($U$4-$S$4) -> 0.86666667 | W20: =SUMPRODUCT((export2016!$E$2:$E$3279>=$W$3)*(export2016!$E$2:$E$3279<=$W$4)*(export2016!$D$2:$D$3279=A20),export2016!$I$2:$I$3279) -> 26 | X20: =W20/($W$4-$U$4) -> 0.83870968 | Y20: =SUMPRODUCT((export2016!$E$2:$E$3279>=$Y$3)*(export2016!$E$2:$E$3279<=$Y$4)*(export2016!$D$2:$D$3279=A20),export2016!$I$2:$I$3279) -> 17 | Z20: =Y20/($Y$4-$W$4) -> 0.56666667 | AA20: =SUMPRODUCT((export2016!$E$2:$E$3279>=$AA$3)*(export2016!$E$2:$E$3279<=$AA$4)*(export2016!$D$2:$D$3279=A20),export2016!$I$2:$I$3279) -> 26 | AB20: =AA20/($AA$4-$Y$4) -> 0.83870968
A21: Hybernska #L.01 | B21: =E21+G21+I21+K21+M21+O21+Q21+S21+U21+W21+Y21+AA21 -> 80 | C21: =B21/5 -> 16 | D21: =B21/($M$4-$A$3) -> 0.52631579 | E21: =SUMPRODUCT((export2016!$E$2:$E$3279>=$E$3)*(export2016!$E$2:$E$3279<=$E$4)*(export2016!$D$2:$D$3279=A21),export2016!$I$2:$I$3279) -> 8 | F21: =E21/($E$4-$A$3) -> 0.25806452 | G21: =SUMPRODUCT((export2016!$E$2:$E$3279>=$G$3)*(export2016!$E$2:$E$3279<=$G$4)*(export2016!$D$2:$D$3279=A21),export2016!$I$2:$I$3279) -> 0 | H21: =G21/($G$4-$E$4) -> 0 | I21: =SUMPRODUCT((export2016!$E$2:$E$3279>=$I$3)*(export2016!$E$2:$E$3279<=$I$4)*(export2016!$D$2:$D$3279=A21),export2016!$I$2:$I$3279) -> 18 | J21: =I21/($I$4-$G$4) -> 0.58064516 | K21: =SUMPRODUCT((export2016!$E$2:$E$3279>=$K$3)*(export2016!$E$2:$E$3279<=$K$4)*(export2016!$D$2:$D$3279=A21),export2016!$I$2:$I$3279) -> 26 | L21: =K21/($K$4-$I$4) -> 0.86666667 | M21: =SUMPRODUCT((export2016!$E$2:$E$3279>=$M$3)*(export2016!$E$2:$E$3279<=$M$4)*(export2016!$D$2:$D$3279=A21),export2016!$I$2:$I$3279) -> 28 | N21: =M21/($M$4-$K$4) -> 0.90322581
A22: Hybernska #L.02 | B22: =E22+G22+I22+K22+M22+O22+Q22+S22+U22+W22+Y22+AA22 -> 100 | C22: =B22/5 -> 20 | D22: =B22/($M$4-$A$3) -> 0.65789474 | E22: =SUMPRODUCT((export2016!$E$2:$E$3279>=$E$3)*(export2016!$E$2:$E$3279<=$E$4)*(export2016!$D$2:$D$3279=A22),export2016!$I$2:$I$3279) -> 0 | F22: =E22/($E$4-$A$3) -> 0 | G22: =SUMPRODUCT((export2016!$E$2:$E$3279>=$G$3)*(export2016!$E$2:$E$3279<=$G$4)*(export2016!$D$2:$D$3279=A22),export2016!$I$2:$I$3279) -> 21 | H22: =G22/($G$4-$E$4) -> 0.72413793 | I22: =SUMPRODUCT((export2016!$E$2:$E$3279>=$I$3)*(export2016!$E$2:$E$3279<=$I$4)*(export2016!$D$2:$D$3279=A22),export2016!$I$2:$I$3279) -> 25 | J22: =I22/($I$4-$G$4) -> 0.80645161 | K22: =SUMPRODUCT((export2016!$E$2:$E$3279>=$K$3)*(export2016!$E$2:$E$3279<=$K$4)*(export2016!$D$2:$D$3279=A22),export2016!$I$2:$I$3279) -> 27 | L22: =K22/($K$4-$I$4) -> 0.9 | M22: =SUMPRODUCT((export2016!$E$2:$E$3279>=$M$3)*(export2016!$E$2:$E$3279<=$M$4)*(export2016!$D$2:$D$3279=A22),export2016!$I$2:$I$3279) -> 27 | N22: =M22/($M$4-$K$4) -> 0.87096774
A23: Hybernska #L.03 | B23: =E23+G23+I23+K23+M23+O23+Q23+S23+U23+W23+Y23+AA23 -> 106 | C23: =B23/6 -> 17.666667 | D23: =B23/($O$4-$A$3) -> 0.58241758 | E23: =SUMPRODUCT((export2016!$E$2:$E$3279>=$E$3)*(export2016!$E$2:$E$3279<=$E$4)*(export2016!$D$2:$D$3279=A23),export2016!$I$2:$I$3279) -> 8 | F23: =E23/($E$4-$A$3) -> 0.25806452 | G23: =SUMPRODUCT((export2016!$E$2:$E$3279>=$G$3)*(export2016!$E$2:$E$3279<=$G$4)*(export2016!$D$2:$D$3279=A23),export2016!$I$2:$I$3279) -> 20 | H23: =G23/($G$4-$E$4) -> 0.68965517 | I23: =SUMPRODUCT((export2016!$E$2:$E$3279>=$I$3)*(export2016!$E$2:$E$3279<=$I$4)*(export2016!$D$2:$D$3279=A23),export2016!$I$2:$I$3279) -> 24 | J23: =I23/($I$4-$G$4) -> 0.77419355 | K23: =SUMPRODUCT((export2016!$E$2:$E$3279>=$K$3)*(export2016!$E$2:$E$3279<=$K$4)*(export2016!$D$2:$D$3279=A23),export2016!$I$2:$I$3279) -> 22 | L23: =K23/($K$4-$I$4) -> 0.73333333 | M23: =SUMPRODUCT((export2016!$E$2:$E$3279>=$M$3)*(export2016!$E$2:$E$3279<=$M$4)*(export2016!$D$2:$D$3279=A23),export2016!$I$2:$I$3279) -> 25 | N23: =M23/($M$4-$K$4) -> 0.80645161 | AA23: =SUMPRODUCT((export2016!$E$2:$E$3279>=$AA$3)*(export2016!$E$2:$E$3279<=$AA$4)*(export2016!$D$2:$D$3279=A23),export2016!$I$2:$I$3279) -> 7 | AB23: =AA23/($AA$4-$Y$4) -> 0.22580645
A24: Karoliny #01 | B24: =E24+G24+I24+K24+M24+O24+Q24+S24+U24+W24+Y24+AA24 -> 24 | C24: =B24/3 -> 8 | D24: =B24/($I$4-$A$3) -> 0.26373626 | E24: =SUMPRODUCT((export2016!$E$2:$E$3279>=$E$3)*(export2016!$E$2:$E$3279<=$E$4)*(export2016!$D$2:$D$3279=A24),export2016!$I$2:$I$3279) -> 7 | F24: =E24/($E$4-$A$3) -> 0.22580645 | G24: =SUMPRODUCT((export2016!$E$2:$E$3279>=$G$3)*(export2016!$E$2:$E$3279<=$G$4)*(export2016!$D$2:$D$3279=A24),export2016!$I$2:$I$3279) -> 11 | H24: =G24/($G$4-$E$4) -> 0.37931034 | I24: =SUMPRODUCT((export2016!$E$2:$E$3279>=$I$3)*(export2016!$E$2:$E$3279<=$I$4)*(export2016!$D$2:$D$3279=A24),export2016!$I$2:$I$3279) -> 6 | J24: =I24/($I$4-$G$4) -> 0.19354839
A25: Karoliny #03 | B25: =E25+G25+I25+K25+M25+O25+Q25+S25+U25+W25+Y25+AA25 -> 209 | C25: =B25/10 -> 20.9 | D25: =B25/($W$4-$A$3) -> 0.6852459 | E25: =SUMPRODUCT((export2016!$E$2:$E$3279>=$E$3)*(export2016!$E$2:$E$3279<=$E$4)*(export2016!$D$2:$D$3279=A25),export2016!$I$2:$I$3279) -> 4 | F25: =E25/($E$4-$A$3) -> 0.12903226 | G25: =SUMPRODUCT((export2016!$E$2:$E$3279>=$G$3)*(export2016!$E$2:$E$3279<=$G$4)*(export2016!$D$2:$D$3279=A25),export2016!$I$2:$I$3279) -> 11 | H25: =G25/($G$4-$E$4) -> 0.37931034 | I25: =SUMPRODUCT((export2016!$E$2:$E$3279>=$I$3)*(export2016!$E$2:$E$3279<=$I$4)*(export2016!$D$2:$D$3279=A25),export2016!$I$2:$I$3279) -> 28 | J25: =I25/($I$4-$G$4) -> 0.90322581 | K25: =SUMPRODUCT((export2016!$E$2:$E$3279>=$K$3)*(export2016!$E$2:$E$3279<=$K$4)*(export2016!$D$2:$D$3279=A25),export2016!$I$2:$I$3279) -> 16 | L25: =K25/($K$4-$I$4) -> 0.53333333 | M25: =SUMPRODUCT((export2016!$E$2:$E$3279>=$M$3)*(export2016!$E$2:$E$3279<=$M$4)*(export2016!$D$2:$D$3279=A25),export2016!$I$2:$I$3279) -> 26 | N25: =M25/($M$4-$K$4) -> 0.83870968 | O25: =SUMPRODUCT((export2016!$E$2:$E$3279>=$O$3)*(export2016!$E$2:$E$3279<=$O$4)*(export2016!$D$2:$D$3279=A25),export2016!$I$2:$I$3279) -> 18 | P25: =O25/($O$4-$M$4) -> 0.6 | Q25: =SUMPRODUCT((export2016!$E$2:$E$3279>=$Q$3)*(export2016!$E$2:$E$3279<=$Q$4)*(export2016!$D$2:$D$3279=A25),export2016!$I$2:$I$3279) -> 32 | R25: =Q25/($Q$4-$O$4) -> 1.0322581 | S25: =SUMPRODUCT((export2016!$E$2:$E$3279>=$S$3)*(export2016!$E$2:$E$3279<=$S$4)*(export2016!$D$2:$D$3279=A25),export2016!$I$2:$I$3279) -> 26 | T25: =S25/($S$4-$Q$4) -> 0.83870968 | U25: =SUMPRODUCT((export2016!$E$2:$E$3279>=$U$3)*(export2016!$E$2:$E$3279<=$U$4)*(export2016!$D$2:$D$3279=A25),export2016!$I$2:$I$3279) -> 25 | V25: =U25/($U$4-$S$4) -> 0.83333333 | W25: =SUMPRODUCT((export2016!$E$2:$E$3279>=$W$3)*(export2016!$E$2:$E$3279<=$W$4)*(export2016!$D$2:$D$3279=A25),export2016!$I$2:$I$3279) -> 23 | X25: =W25/($W$4-$U$4) -> 0.74193548
A26: Karoliny #04 | B26: =E26+G26+I26+K26+M26+O26+Q26+S26+U26+W26+Y26+AA26 -> 25 | C26: =B26/3 -> 8.3333333 | D26: =B26/($I$4-$A$3) -> 0.27472527 | E26: =SUMPRODUCT((export2016!$E$2:$E$3279>=$E$3)*(export2016!$E$2:$E$3279<=$E$4)*(export2016!$D$2:$D$3279=A26),export2016!$I$2:$I$3279) -> 13 | F26: =E26/($E$4-$A$3) -> 0.41935484 | G26: =SUMPRODUCT((export2016!$E$2:$E$3279>=$G$3)*(export2016!$E$2:$E$3279<=$G$4)*(export2016!$D$2:$D$3279=A26),export2016!$I$2:$I$3279) -> 12 | H26: =G26/($G$4-$E$4) -> 0.4137931
A27: Jeruzalemska | B27: =E27+G27+I27+K27+M27+O27+Q27+S27+U27+W27+Y27+AA27 -> 0 | C27: =B27/8 -> 0 | D27: =B27/($AA$4-$A$3) -> 0
A28: Krakovska | B28: =E28+G28+I28+K28+M28+O28+Q28+S28+U28+W28+Y28+AA28 -> 244 | C28: =B28/12 -> 20.333333 | D28: =B28/($AA$4-$A$3) -> 0.66666667 | E28: =SUMPRODUCT((export2016!$E$2:$E$3279>=$E$3)*(export2016!$E$2:$E$3279<=$E$4)*(export2016!$D$2:$D$3279=A28),export2016!$I$2:$I$3279) -> 5 | F28: =E28/($E$4-$A$3) -> 0.16129032 | G28: =SUMPRODUCT((export2016!$E$2:$E$3279>=$G$3)*(export2016!$E$2:$E$3279<=$G$4)*(export2016!$D$2:$D$3279=A28),export2016!$I$2:$I$3279) -> 11 | H28: =G28/($G$4-$E$4) -> 0.37931034 | I28: =SUMPRODUCT((export2016!$E$2:$E$3279>=$I$3)*(export2016!$E$2:$E$3279<=$I$4)*(export2016!$D$2:$D$3279=A28),export2016!$I$2:$I$3279) -> 20 | J28: =I28/($I$4-$G$4) -> 0.64516129 | K28: =SUMPRODUCT((export2016!$E$2:$E$3279>=$K$3)*(export2016!$E$2:$E$3279<=$K$4)*(export2016!$D$2:$D$3279=A28),export2016!$I$2:$I$3279) -> 18 | L28: =K28/($K$4-$I$4) -> 0.6 | M28: =SUMPRODUCT((export2016!$E$2:$E$3279>=$M$3)*(export2016!$E$2:$E$3279<=$M$4)*(export2016!$D$2:$D$3279=A28),export2016!$I$2:$I$3279) -> 22 | N28: =M28/($M$4-$K$4) -> 0.70967742 | O28: =SUMPRODUCT((export2016!$E$2:$E$3279>=$O$3)*(export2016!$E$2:$E$3279<=$O$4)*(export2016!$D$2:$D$3279=A28),export2016!$I$2:$I$3279) -> 23 | P28: =O28/($O$4-$M$4) -> 0.76666667 | Q28: =SUMPRODUCT((export2016!$E$2:$E$3279>=$Q$3)*(export2016!$E$2:$E$3279<=$Q$4)*(export2016!$D$2:$D$3279=A28),export2016!$I$2:$I$3279) -> 27 | R28: =Q28/($Q$4-$O$4) -> 0.87096774 | S28: =SUMPRODUCT((export2016!$E$2:$E$3279>=$S$3)*(export2016!$E$2:$E$3279<=$S$4)*(export2016!$D$2:$D$3279=A28),export2016!$I$2:$I$3279) -> 28 | T28: =S28/($S$4-$Q$4) -> 0.90322581 | U28: =SUMPRODUCT((export2016!$E$2:$E$3279>=$U$3)*(export2016!$E$2:$E$3279<=$U$4)*(export2016!$D$2:$D$3279=A28),export2016!$I$2:$I$3279) -> 25 | V28: =U28/($U$4-$S$4) -> 0.83333333 | W28: =SUMPRODUCT((export2016!$E$2:$E$3279>=$W$3)*(export2016!$E$2:$E$3279<=$W$4)*(export2016!$D$2:$D$3279=A28),export2016!$I$2:$I$3279) -> 28 | X28: =W28/($W$4-$U$4) -> 0.90322581 | Y28: =SUMPRODUCT((export2016!$E$2:$E$3279>=$Y$3)*(export2016!$E$2:$E$3279<=$Y$4)*(export2016!$D$2:$D$3279=A28),export2016!$I$2:$I$3279) -> 15 | Z28: =Y28/($Y$4-$W$4) -> 0.5 | AA28: =SUMPRODUCT((export2016!$E$2:$E$3279>=$AA$3)*(export2016!$E$2:$E$3279<=$AA$4)*(export2016!$D$2:$D$3279=A28),export2016!$I$2:$I$3279) -> 22 | AB28: =AA28/($AA$4-$Y$4) -> 0.70967742
A29: Lodecka #1 | B29: =E29+G29+I29+K29+M29+O29+Q29+S29+U29+W29+Y29+AA29 -> 156 | C29: =B29/7 -> 22.285714 | D29: =B29/($AA$4-$O$3) -> 0.73239437 | O29: =SUMPRODUCT((export2016!$E$2:$E$3279>=$O$3)*(export2016!$E$2:$E$3279<=$O$4)*(export2016!$D$2:$D$3279=A29),export2016!$I$2:$I$3279) -> 15 | P29: =O29/($O$4-$M$4) -> 0.5 | Q29: =SUMPRODUCT((export2016!$E$2:$E$3279>=$Q$3)*(export2016!$E$2:$E$3279<=$Q$4)*(export2016!$D$2:$D$3279=A29),export2016!$I$2:$I$3279) -> 27 | R29: =Q29/($Q$4-$O$4) -> 0.87096774 | S29: =SUMPRODUCT((export2016!$E$2:$E$3279>=$S$3)*(export2016!$E$2:$E$3279<=$S$4)*(export2016!$D$2:$D$3279=A29),export2016!$I$2:$I$3279) -> 30 | T29: =S29/($S$4-$Q$4) -> 0.96774194 | U29: =SUMPRODUCT((export2016!$E$2:$E$3279>=$U$3)*(export2016!$E$2:$E$3279<=$U$4)*(export2016!$D$2:$D$3279=A29),export2016!$I$2:$I$3279) -> 27 | V29: =U29/($U$4-$S$4) -> 0.9 | W29: =SUMPRODUCT((export2016!$E$2:$E$3279>=$W$3)*(export2016!$E$2:$E$3279<=$W$4)*(export2016!$D$2:$D$3279=A29),export2016!$I$2:$I$3279) -> 20 | X29: =W29/($W$4-$U$4) -> 0.64516129 | Y29: =SUMPRODUCT((export2016!$E$2:$E$3279>=$Y$3)*(export2016!$E$2:$E$3279<=$Y$4)*(export2016!$D$2:$D$3279=A29),export2016!$I$2:$I$3279) -> 13 | Z29: =Y29/($Y$4-$W$4) -> 0.43333333 | AA29: =SUMPRODUCT((export2016!$E$2:$E$3279>=$AA$3)*(export2016!$E$2:$E$3279<=$AA$4)*(export2016!$D$2:$D$3279=A29),export2016!$I$2:$I$3279) -> 24 | AB29: =AA29/($AA$4-$Y$4) -> 0.77419355
A30: Masna #01 | B30: =E30+G30+I30+K30+M30+O30+Q30+S30+U30+W30+Y30+AA30 -> 239 | C30: =B30/12 -> 19.916667 | D30: =B30/($AA$4-$A$3) -> 0.65300546 | E30: =SUMPRODUCT((export2016!$E$2:$E$3279>=$E$3)*(export2016!$E$2:$E$3279<=$E$4)*(export2016!$D$2:$D$3279=A30),export2016!$I$2:$I$3279) -> 3 | F30: =E30/($E$4-$A$3) -> 0.096774194 | G30: =SUMPRODUCT((export2016!$E$2:$E$3279>=$G$3)*(export2016!$E$2:$E$3279<=$G$4)*(export2016!$D$2:$D$3279=A30),export2016!$I$2:$I$3279) -> 20 | H30: =G30/($G$4-$E$4) -> 0.68965517 | I30: =SUMPRODUCT((export2016!$E$2:$E$3279>=$I$3)*(export2016!$E$2:$E$3279<=$I$4)*(export2016!$D$2:$D$3279=A30),export2016!$I$2:$I$3279) -> 15 | J30: =I30/($I$4-$G$4) -> 0.48387097 | K30: =SUMPRODUCT((export2016!$E$2:$E$3279>=$K$3)*(export2016!$E$2:$E$3279<=$K$4)*(export2016!$D$2:$D$3279=A30),export2016!$I$2:$I$3279) -> 16 | L30: =K30/($K$4-$I$4) -> 0.53333333 | M30: =SUMPRODUCT((export2016!$E$2:$E$3279>=$M$3)*(export2016!$E$2:$E$3279<=$M$4)*(export2016!$D$2:$D$3279=A30),export2016!$I$2:$I$3279) -> 22 | N30: =M30/($M$4-$K$4) -> 0.70967742 | O30: =SUMPRODUCT((export2016!$E$2:$E$3279>=$O$3)*(export2016!$E$2:$E$3279<=$O$4)*(export2016!$D$2:$D$3279=A30),export2016!$I$2:$I$3279) -> 20 | P30: =O30/($O$4-$M$4) -> 0.66666667 | Q30: =SUMPRODUCT((export2016!$E$2:$E$3279>=$Q$3)*(export2016!$E$2:$E$3279<=$Q$4)*(export2016!$D$2:$D$3279=A30),export2016!$I$2:$I$3279) -> 24 | R30: =Q30/($Q$4-$O$4) -> 0.77419355 | S30: =SUMPRODUCT((export2016!$E$2:$E$3279>=$S$3)*(export2016!$E$2:$E$3279<=$S$4)*(export2016!$D$2:$D$3279=A30),export2016!$I$2:$I$3279) -> 24 | T30: =S30/($S$4-$Q$4) -> 0.77419355 | U30: =SUMPRODUCT((export2016!$E$2:$E$3279>=$U$3)*(export2016!$E$2:$E$3279<=$U$4)*(export2016!$D$2:$D$3279=A30),export2016!$I$2:$I$3279) -> 25 | V30: =U30/($U$4-$S$4) -> 0.83333333 | W30: =SUMPRODUCT((export2016!$E$2:$E$3279>=$W$3)*(export2016!$E$2:$E$3279<=$W$4)*(export2016!$D$2:$D$3279=A30),export2016!$I$2:$I$3279) -> 26 | X30: =W30/($W$4-$U$4) -> 0.83870968 | Y30: =SUMPRODUCT((export2016!$E$2:$E$3279>=$Y$3)*(export2016!$E$2:$E$3279<=$Y$4)*(export2016!$D$2:$D$3279=A30),export2016!$I$2:$I$3279) -> 19 | Z30: =Y30/($Y$4-$W$4) -> 0.63333333 | AA30: =SUMPRODUCT((export2016!$E$2:$E$3279>=$AA$3)*(export2016!$E$2:$E$3279<=$AA$4)*(export2016!$D$2:$D$3279=A30),export2016!$I$2:$I$3279) -> 25 | AB30: =AA30/($AA$4-$Y$4) -> 0.80645161
A31: Masna #02 | B31: =E31+G31+I31+K31+M31+O31+Q31+S31+U31+W31+Y31+AA31 -> 249 | C31: =B31/12 -> 20.75 | D31: =B31/($AA$4-$A$3) -> 0.68032787 | E31: =SUMPRODUCT((export2016!$E$2:$E$3279>=$E$3)*(export2016!$E$2:$E$3279<=$E$4)*(export2016!$D$2:$D$3279=A31),export2016!$I$2:$I$3279) -> 18 | F31: =E31/($E$4-$A$3) -> 0.58064516 | G31: =SUMPRODUCT((export2016!$E$2:$E$3279>=$G$3)*(export2016!$E$2:$E$3279<=$G$4)*(export2016!$D$2:$D$3279=A31),export2016!$I$2:$I$3279) -> 15 | H31: =G31/($G$4-$E$4) -> 0.51724138 | I31: =SUMPRODUCT((export2016!$E$2:$E$3279>=$I$3)*(export2016!$E$2:$E$3279<=$I$4)*(export2016!$D$2:$D$3279=A31),export2016!$I$2:$I$3279) -> 22 | J31: =I31/($I$4-$G$4) -> 0.70967742 | K31: =SUMPRODUCT((export2016!$E$2:$E$3279>=$K$3)*(export2016!$E$2:$E$3279<=$K$4)*(export2016!$D$2:$D$3279=A31),export2016!$I$2:$I$3279) -> 25 | L31: =K31/($K$4-$I$4) -> 0.83333333 | M31: =SUMPRODUCT((export2016!$E$2:$E$3279>=$M$3)*(export2016!$E$2:$E$3279<=$M$4)*(export2016!$D$2:$D$3279=A31),export2016!$I$2:$I$3279) -> 25 | N31: =M31/($M$4-$K$4) -> 0.80645161 | O31: =SUMPRODUCT((export2016!$E$2:$E$3279>=$O$3)*(export2016!$E$2:$E$3279<=$O$4)*(export2016!$D$2:$D$3279=A31),export2016!$I$2:$I$3279) -> 13 | P31: =O31/($O$4-$M$4) -> 0.43333333 | Q31: =SUMPRODUCT((export2016!$E$2:$E$3279>=$Q$3)*(export2016!$E$2:$E$3279<=$Q$4)*(export2016!$D$2:$D$3279=A31),export2016!$I$2:$I$3279) -> 29 | R31: =Q31/($Q$4-$O$4) -> 0.93548387 | S31: =SUMPRODUCT((export2016!$E$2:$E$3279>=$S$3)*(export2016!$E$2:$E$3279<=$S$4)*(export2016!$D$2:$D$3279=A31),export2016!$I$2:$I$3279) -> 26 | T31: =S31/($S$4-$Q$4) -> 0.83870968 | U31: =SUMPRODUCT((export2016!$E$2:$E$3279>=$U$3)*(export2016!$E$2:$E$3279<=$U$4)*(export2016!$D$2:$D$3279=A31),export2016!$I$2:$I$3279) -> 21 | V31: =U31/($U$4-$S$4) -> 0.7 | W31: =SUMPRODUCT((export2016!$E$2:$E$3279>=$W$3)*(export2016!$E$2:$E$3279<=$W$4)*(export2016!$D$2:$D$3279=A31),export2016!$I$2:$I$3279) -> 25 | X31: =W31/($W$4-$U$4) -> 0.80645161 | Y31: =SUMPRODUCT((export2016!$E$2:$E$3279>=$Y$3)*(export2016!$E$2:$E$3279<=$Y$4)*(export2016!$D$2:$D$3279=A31),export2016!$I$2:$I$3279) -> 11 | Z31: =Y31/($Y$4-$W$4) -> 0.36666667 | AA31: =SUMPRODUCT((export2016!$E$2:$E$3279>=$AA$3)*(export2016!$E$2:$E$3279<=$AA$4)*(export2016!$D$2:$D$3279=A31),export2016!$I$2:$I$3279) -> 19 | AB31: =AA31/($AA$4-$Y$4) -> 0.61290323
A32: Masna #03 | B32: =E32+G32+I32+K32+M32+O32+Q32+S32+U32+W32+Y32+AA32 -> 277 | C32: =B32/12 -> 23.083333 | D32: =B32/($AA$4-$A$3) -> 0.7568306 | E32: =SUMPRODUCT((export2016!$E$2:$E$3279>=$E$3)*(export2016!$E$2:$E$3279<=$E$4)*(export2016!$D$2:$D$3279=A32),export2016!$I$2:$I$3279) -> 13 | F32: =E32/($E$4-$A$3) -> 0.41935484 | G32: =SUMPRODUCT((export2016!$E$2:$E$3279>=$G$3)*(export2016!$E$2:$E$3279<=$G$4)*(export2016!$D$2:$D$3279=A32),export2016!$I$2:$I$3279) -> 22 | H32: =G32/($G$4-$E$4) -> 0.75862069 | I32: =SUMPRODUCT((export2016!$E$2:$E$3279>=$I$3)*(export2016!$E$2:$E$3279<=$I$4)*(export2016!$D$2:$D$3279=A32),export2016!$I$2:$I$3279) -> 22 | J32: =I32/($I$4-$G$4) -> 0.70967742 | K32: =SUMPRODUCT((export2016!$E$2:$E$3279>=$K$3)*(export2016!$E$2:$E$3279<=$K$4)*(export2016!$D$2:$D$3279=A32),export2016!$I$2:$I$3279) -> 21 | L32: =K32/($K$4-$I$4) -> 0.7 | M32: =SUMPRODUCT((export2016!$E$2:$E$3279>=$M$3)*(export2016!$E$2:$E$3279<=$M$4)*(export2016!$D$2:$D$3279=A32),export2016!$I$2:$I$3279) -> 22 | N32: =M32/($M$4-$K$4) -> 0.70967742 | O32: =SUMPRODUCT((export2016!$E$2:$E$3279>=$O$3)*(export2016!$E$2:$E$3279<=$O$4)*(export2016!$D$2:$D$3279=A32),export2016!$I$2:$I$3279) -> 19 | P32: =O32/($O$4-$M$4) -> 0.63333333 | Q32: =SUMPRODUCT((export2016!$E$2:$E$3279>=$Q$3)*(export2016!$E$2:$E$3279<=$Q$4)*(export2016!$D$2:$D$3279=A32),export2016!$I$2:$I$3279) -> 30 | R32: =Q32/($Q$4-$O$4) -> 0.96774194 | S32: =SUMPRODUCT((export2016!$E$2:$E$3279>=$S$3)*(export2016!$E$2:$E$3279<=$S$4)*(export2016!$D$2:$D$3279=A32),export2016!$I$2:$I$3279) -> 28 | T32: =S32/($S$4-$Q$4) -> 0.90322581 | U32: =SUMPRODUCT((export2016!$E$2:$E$3279>=$U$3)*(export2016!$E$2:$E$3279<=$U$4)*(export2016!$D$2:$D$3279=A32),export2016!$I$2:$I$3279) -> 27 | V32: =U32/($U$4-$S$4) -> 0.9 | W32: =SUMPRODUCT((export2016!$E$2:$E$3279>=$W$3)*(export2016!$E$2:$E$3279<=$W$4)*(export2016!$D$2:$D$3279=A32),export2016!$I$2:$I$3279) -> 27 | X32: =W32/($W$4-$U$4) -> 0.87096774 | Y32: =SUMPRODUCT((export2016!$E$2:$E$3279>=$Y$3)*(export2016!$E$2:$E$3279<=$Y$4)*(export2016!$D$2:$D$3279=A32),export2016!$I$2:$I$3279) -> 20 | Z32: =Y32/($Y$4-$W$4) -> 0.66666667 | AA32: =SUMPRODUCT((export2016!$E$2:$E$3279>=$AA$3)*(export2016!$E$2:$E$3279<=$AA$4)*(export2016!$D$2:$D$3279=A32),export2016!$I$2:$I$3279) -> 26 | AB32: =AA32/($AA$4-$Y$4) -> 0.83870968
A33: Masna #04 | B33: =E33+G33+I33+K33+M33+O33+Q33+S33+U33+W33+Y33+AA33 -> 277 | C33: =B33/12 -> 23.083333 | D33: =B33/($AA$4-$A$3) -> 0.7568306 | E33: =SUMPRODUCT((export2016!$E$2:$E$3279>=$E$3)*(export2016!$E$2:$E$3279<=$E$4)*(export2016!$D$2:$D$3279=A33),export2016!$I$2:$I$3279) -> 11 | F33: =E33/($E$4-$A$3) -> 0.35483871 | G33: =SUMPRODUCT((export2016!$E$2:$E$3279>=$G$3)*(export2016!$E$2:$E$3279<=$G$4)*(export2016!$D$2:$D$3279=A33),export2016!$I$2:$I$3279) -> 21 | H33: =G33/($G$4-$E$4) -> 0.72413793 | I33: =SUMPRODUCT((export2016!$E$2:$E$3279>=$I$3)*(export2016!$E$2:$E$3279<=$I$4)*(export2016!$D$2:$D$3279=A33),export2016!$I$2:$I$3279) -> 19 | J33: =I33/($I$4-$G$4) -> 0.61290323 | K33: =SUMPRODUCT((export2016!$E$2:$E$3279>=$K$3)*(export2016!$E$2:$E$3279<=$K$4)*(export2016!$D$2:$D$3279=A33),export2016!$I$2:$I$3279) -> 21 | L33: =K33/($K$4-$I$4) -> 0.7 | M33: =SUMPRODUCT((export2016!$E$2:$E$3279>=$M$3)*(export2016!$E$2:$E$3279<=$M$4)*(export2016!$D$2:$D$3279=A33),export2016!$I$2:$I$3279) -> 25 | N33: =M33/($M$4-$K$4) -> 0.80645161 | O33: =SUMPRODUCT((export2016!$E$2:$E$3279>=$O$3)*(export2016!$E$2:$E$3279<=$O$4)*(export2016!$D$2:$D$3279=A33),export2016!$I$2:$I$3279) -> 20 | P33: =O33/($O$4-$M$4) -> 0.66666667 | Q33: =SUMPRODUCT((export2016!$E$2:$E$3279>=$Q$3)*(export2016!$E$2:$E$3279<=$Q$4)*(export2016!$D$2:$D$3279=A33),export2016!$I$2:$I$3279) -> 29 | R33: =Q33/($Q$4-$O$4) -> 0.93548387 | S33: =SUMPRODUCT((export2016!$E$2:$E$3279>=$S$3)*(export2016!$E$2:$E$3279<=$S$4)*(export2016!$D$2:$D$3279=A33),export2016!$I$2:$I$3279) -> 30 | T33: =S33/($S$4-$Q$4) -> 0.96774194 | U33: =SUMPRODUCT((export2016!$E$2:$E$3279>=$U$3)*(export2016!$E$2:$E$3279<=$U$4)*(export2016!$D$2:$D$3279=A33),export2016!$I$2:$I$3279) -> 28 | V33: =U33/($U$4-$S$4) -> 0.93333333 | W33: =SUMPRODUCT((export2016!$E$2:$E$3279>=$W$3)*(export2016!$E$2:$E$3279<=$W$4)*(export2016!$D$2:$D$3279=A33),export2016!$I$2:$I$3279) -> 24 | X33: =W33/($W$4-$U$4) -> 0.77419355 | Y33: =SUMPRODUCT((export2016!$E$2:$E$3279>=$Y$3)*(export2016!$E$2:$E$3279<=$Y$4)*(export2016!$D$2:$D$3279=A33),export2016!$I$2:$I$3279) -> 16 | Z33: =Y33/($Y$4-$W$4) -> 0.53333333 | AA33: =SUMPRODUCT((export2016!$E$2:$E$3279>=$AA$3)*(export2016!$E$2:$E$3279<=$AA$4)*(export2016!$D$2:$D$3279=A33),export2016!$I$2:$I$3279) -> 33 | AB33: =AA33/($AA$4-$Y$4) -> 1.0645161
A34: Masna #22 | B34: =E34+G34+I34+K34+M34+O34+Q34+S34+U34+W34+Y34+AA34 -> 250 | C34: =B34/12 -> 20.833333 | D34: =B34/($AA$4-$A$3) -> 0.68306011 | E34: =SUMPRODUCT((export2016!$E$2:$E$3279>=$E$3)*(export2016!$E$2:$E$3279<=$E$4)*(export2016!$D$2:$D$3279=A34),export2016!$I$2:$I$3279) -> 15 | F34: =E34/($E$4-$A$3) -> 0.48387097 | G34: =SUMPRODUCT((export2016!$E$2:$E$3279>=$G$3)*(export2016!$E$2:$E$3279<=$G$4)*(export2016!$D$2:$D$3279=A34),export2016!$I$2:$I$3279) -> 20 | H34: =G34/($G$4-$E$4) -> 0.68965517 | I34: =SUMPRODUCT((export2016!$E$2:$E$3279>=$I$3)*(export2016!$E$2:$E$3279<=$I$4)*(export2016!$D$2:$D$3279=A34),export2016!$I$2:$I$3279) -> 20 | J34: =I34/($I$4-$G$4) -> 0.64516129 | K34: =SUMPRODUCT((export2016!$E$2:$E$3279>=$K$3)*(export2016!$E$2:$E$3279<=$K$4)*(export2016!$D$2:$D$3279=A34),export2016!$I$2:$I$3279) -> 20 | L34: =K34/($K$4-$I$4) -> 0.66666667 | M34: =SUMPRODUCT((export2016!$E$2:$E$3279>=$M$3)*(export2016!$E$2:$E$3279<=$M$4)*(export2016!$D$2:$D$3279=A34),export2016!$I$2:$I$3279) -> 21 | N34: =M34/($M$4-$K$4) -> 0.67741935 | O34: =SUMPRODUCT((export2016!$E$2:$E$3279>=$O$3)*(export2016!$E$2:$E$3279<=$O$4)*(export2016!$D$2:$D$3279=A34),export2016!$I$2:$I$3279) -> 21 | P34: =O34/($O$4-$M$4) -> 0.7 | Q34: =SUMPRODUCT((export2016!$E$2:$E$3279>=$Q$3)*(export2016!$E$2:$E$3279<=$Q$4)*(export2016!$D$2:$D$3279=A34),export2016!$I$2:$I$3279) -> 31 | R34: =Q34/($Q$4-$O$4) -> 1 | S34: =SUMPRODUCT((export2016!$E$2:$E$3279>=$S$3)*(export2016!$E$2:$E$3279<=$S$4)*(export2016!$D$2:$D$3279=A34),export2016!$I$2:$I$3279) -> 25 | T34: =S34/($S$4-$Q$4) -> 0.80645161 | U34: =SUMPRODUCT((export2016!$E$2:$E$3279>=$U$3)*(export2016!$E$2:$E$3279<=$U$4)*(export2016!$D$2:$D$3279=A34),export2016!$I$2:$I$3279) -> 20 | V34: =U34/($U$4-$S$4) -> 0.66666667 | W34: =SUMPRODUCT((export2016!$E$2:$E$3279>=$W$3)*(export2016!$E$2:$E$3279<=$W$4)*(export2016!$D$2:$D$3279=A34),export2016!$I$2:$I$3279) -> 21 | X34: =W34/($W$4-$U$4) -> 0.67741935 | Y34: =SUMPRODUCT((export2016!$E$2:$E$3279>=$Y$3)*(export2016!$E$2:$E$3279<=$Y$4)*(export2016!$D$2:$D$3279=A34),export2016!$I$2:$I$3279) -> 14 | Z34: =Y34/($Y$4-$W$4) -> 0.46666667 | AA34: =SUMPRODUCT((export2016!$E$2:$E$3279>=$AA$3)*(export2016!$E$2:$E$3279<=$AA$4)*(export2016!$D$2:$D$3279=A34),export2016!$I$2:$I$3279) -> 22 | AB34: =AA34/($AA$4-$Y$4) -> 0.70967742
A35: Masna #24 | B35: =E35+G35+I35+K35+M35+O35+Q35+S35+U35+W35+Y35+AA35 -> 285 | C35: =B35/12 -> 23.75 | D35: =B35/($AA$4-$A$3) -> 0.77868852 | E35: =SUMPRODUCT((export2016!$E$2:$E$3279>=$E$3)*(export2016!$E$2:$E$3279<=$E$4)*(export2016!$D$2:$D$3279=A35),export2016!$I$2:$I$3279) -> 17 | F35: =E35/($E$4-$A$3) -> 0.5483871 | G35: =SUMPRODUCT((export2016!$E$2:$E$3279>=$G$3)*(export2016!$E$2:$E$3279<=$G$4)*(export2016!$D$2:$D$3279=A35),export2016!$I$2:$I$3279) -> 28 | H35: =G35/($G$4-$E$4) -> 0.96551724 | I35: =SUMPRODUCT((export2016!$E$2:$E$3279>=$I$3)*(export2016!$E$2:$E$3279<=$I$4)*(export2016!$D$2:$D$3279=A35),export2016!$I$2:$I$3279) -> 25 | J35: =I35/($I$4-$G$4) -> 0.80645161 | K35: =SUMPRODUCT((export2016!$E$2:$E$3279>=$K$3)*(export2016!$E$2:$E$3279<=$K$4)*(export2016!$D$2:$D$3279=A35),export2016!$I$2:$I$3279) -> 18 | L35: =K35/($K$4-$I$4) -> 0.6 | M35: =SUMPRODUCT((export2016!$E$2:$E$3279>=$M$3)*(export2016!$E$2:$E$3279<=$M$4)*(export2016!$D$2:$D$3279=A35),export2016!$I$2:$I$3279) -> 23 | N35: =M35/($M$4-$K$4) -> 0.74193548 | O35: =SUMPRODUCT((export2016!$E$2:$E$3279>=$O$3)*(export2016!$E$2:$E$3279<=$O$4)*(export2016!$D$2:$D$3279=A35),export2016!$I$2:$I$3279) -> 18 | P35: =O35/($O$4-$M$4) -> 0.6 | Q35: =SUMPRODUCT((export2016!$E$2:$E$3279>=$Q$3)*(export2016!$E$2:$E$3279<=$Q$4)*(export2016!$D$2:$D$3279=A35),export2016!$I$2:$I$3279) -> 27 | R35: =Q35/($Q$4-$O$4) -> 0.87096774 | S35: =SUMPRODUCT((export2016!$E$2:$E$3279>=$S$3)*(export2016!$E$2:$E$3279<=$S$4)*(export2016!$D$2:$D$3279=A35),export2016!$I$2:$I$3279) -> 30 | T35: =S35/($S$4-$Q$4) -> 0.96774194 | U35: =SUMPRODUCT((export2016!$E$2:$E$3279>=$U$3)*(export2016!$E$2:$E$3279<=$U$4)*(export2016!$D$2:$D$3279=A35),export2016!$I$2:$I$3279) -> 25 | V35: =U35/($U$4-$S$4) -> 0.83333333 | W35: =SUMPRODUCT((export2016!$E$2:$E$3279>=$W$3)*(export2016!$E$2:$E$3279<=$W$4)*(export2016!$D$2:$D$3279=A35),export2016!$I$2:$I$3279) -> 28 | X35: =W35/($W$4-$U$4) -> 0.90322581 | Y35: =SUMPRODUCT((export2016!$E$2:$E$3279>=$Y$3)*(export2016!$E$2:$E$3279<=$Y$4)*(export2016!$D$2:$D$3279=A35),export2016!$I$2:$I$3279) -> 17 | Z35: =Y35/($Y$4-$W$4) -> 0.56666667 | AA35: =SUMPRODUCT((export2016!$E$2:$E$3279>=$AA$3)*(export2016!$E$2:$E$3279<=$AA$4)*(export2016!$D$2:$D$3279=A35),export2016!$I$2:$I$3279) -> 29 | AB35: =AA35/($AA$4-$Y$4) -> 0.93548387
A36: Masna Big | B36: =E36+G36+I36+K36+M36+O36+Q36+S36+U36+W36+Y36+AA36 -> 240 | C36: =B36/12 -> 20 | D36: =B36/($AA$4-$A$3) -> 0.6557377 | E36: =SUMPRODUCT((export2016!$E$2:$E$3279>=$E$3)*(export2016!$E$2:$E$3279<=$E$4)*(export2016!$D$2:$D$3279=A36),export2016!$I$2:$I$3279) -> 15 | F36: =E36/($E$4-$A$3) -> 0.48387097 | G36: =SUMPRODUCT((export2016!$E$2:$E$3279>=$G$3)*(export2016!$E$2:$E$3279<=$G$4)*(export2016!$D$2:$D$3279=A36),export2016!$I$2:$I$3279) -> 14 | H36: =G36/($G$4-$E$4) -> 0.48275862 | I36: =SUMPRODUCT((export2016!$E$2:$E$3279>=$I$3)*(export2016!$E$2:$E$3279<=$I$4)*(export2016!$D$2:$D$3279=A36),export2016!$I$2:$I$3279) -> 20 | J36: =I36/($I$4-$G$4) -> 0.64516129 | K36: =SUMPRODUCT((export2016!$E$2:$E$3279>=$K$3)*(export2016!$E$2:$E$3279<=$K$4)*(export2016!$D$2:$D$3279=A36),export2016!$I$2:$I$3279) -> 14 | L36: =K36/($K$4-$I$4) -> 0.46666667 | M36: =SUMPRODUCT((export2016!$E$2:$E$3279>=$M$3)*(export2016!$E$2:$E$3279<=$M$4)*(export2016!$D$2:$D$3279=A36),export2016!$I$2:$I$3279) -> 17 | N36: =M36/($M$4-$K$4) -> 0.5483871 | O36: =SUMPRODUCT((export2016!$E$2:$E$3279>=$O$3)*(export2016!$E$2:$E$3279<=$O$4)*(export2016!$D$2:$D$3279=A36),export2016!$I$2:$I$3279) -> 23 | P36: =O36/($O$4-$M$4) -> 0.76666667 | Q36: =SUMPRODUCT((export2016!$E$2:$E$3279>=$Q$3)*(export2016!$E$2:$E$3279<=$Q$4)*(export2016!$D$2:$D$3279=A36),export2016!$I$2:$I$3279) -> 29 | R36: =Q36/($Q$4-$O$4) -> 0.93548387 | S36: =SUMPRODUCT((export2016!$E$2:$E$3279>=$S$3)*(export2016!$E$2:$E$3279<=$S$4)*(export2016!$D$2:$D$3279=A36),export2016!$I$2:$I$3279) -> 29 | T36: =S36/($S$4-$Q$4) -> 0.93548387 | U36: =SUMPRODUCT((export2016!$E$2:$E$3279>=$U$3)*(export2016!$E$2:$E$3279<=$U$4)*(export2016!$D$2:$D$3279=A36),export2016!$I$2:$I$3279) -> 24 | V36: =U36/($U$4-$S$4) -> 0.8 | W36: =SUMPRODUCT((export2016!$E$2:$E$3279>=$W$3)*(export2016!$E$2:$E$3279<=$W$4)*(export2016!$D$2:$D$3279=A36),export2016!$I$2:$I$3279) -> 21 | X36: =W36/($W$4-$U$4) -> 0.67741935 | Y36: =SUMPRODUCT((export2016!$E$2:$E$3279>=$Y$3)*(export2016!$E$2:$E$3279<=$Y$4)*(export2016!$D$2:$D$3279=A36),export2016!$I$2:$I$3279) -> 9 | Z36: =Y36/($Y$4-$W$4) -> 0.3 | AA36: =SUMPRODUCT((export2016!$E$2:$E$3279>=$AA$3)*(export2016!$E$2:$E$3279<=$AA$4)*(export2016!$D$2:$D$3279=A36),export2016!$I$2:$I$3279) -> 25 | AB36: =AA36/($AA$4-$Y$4) -> 0.80645161
A37: Melantrichova #1 | B37: =E37+G37+I37+K37+M37+O37+Q37+S37+U37+W37+Y37+AA37 -> 246 | C37: =B37/12 -> 20.5 | D37: =B37/($AA$4-$A$3) -> 0.67213115 | E37: =SUMPRODUCT((export2016!$E$2:$E$3279>=$E$3)*(export2016!$E$2:$E$3279<=$E$4)*(export2016!$D$2:$D$3279=A37),export2016!$I$2:$I$3279) -> 4 | F37: =E37/($E$4-$A$3) -> 0.12903226 | G37: =SUMPRODUCT((export2016!$E$2:$E$3279>=$G$3)*(export2016!$E$2:$E$3279<=$G$4)*(export2016!$D$2:$D$3279=A37),export2016!$I$2:$I$3279) -> 14 | H37: =G37/($G$4-$E$4) -> 0.48275862 | I37: =SUMPRODUCT((export2016!$E$2:$E$3279>=$I$3)*(export2016!$E$2:$E$3279<=$I$4)*(export2016!$D$2:$D$3279=A37),export2016!$I$2:$I$3279) -> 21 | J37: =I37/($I$4-$G$4) -> 0.67741935 | K37: =SUMPRODUCT((export2016!$E$2:$E$3279>=$K$3)*(export2016!$E$2:$E$3279<=$K$4)*(export2016!$D$2:$D$3279=A37),export2016!$I$2:$I$3279) -> 21 | L37: =K37/($K$4-$I$4) -> 0.7 | M37: =SUMPRODUCT((export2016!$E$2:$E$3279>=$M$3)*(export2016!$E$2:$E$3279<=$M$4)*(export2016!$D$2:$D$3279=A37),export2016!$I$2:$I$3279) -> 24 | N37: =M37/($M$4-$K$4) -> 0.77419355 | O37: =SUMPRODUCT((export2016!$E$2:$E$3279>=$O$3)*(export2016!$E$2:$E$3279<=$O$4)*(export2016!$D$2:$D$3279=A37),export2016!$I$2:$I$3279) -> 21 | P37: =O37/($O$4-$M$4) -> 0.7 | Q37: =SUMPRODUCT((export2016!$E$2:$E$3279>=$Q$3)*(export2016!$E$2:$E$3279<=$Q$4)*(export2016!$D$2:$D$3279=A37),export2016!$I$2:$I$3279) -> 23 | R37: =Q37/($Q$4-$O$4) -> 0.74193548 | S37: =SUMPRODUCT((export2016!$E$2:$E$3279>=$S$3)*(export2016!$E$2:$E$3279<=$S$4)*(export2016!$D$2:$D$3279=A37),export2016!$I$2:$I$3279) -> 25 | T37: =S37/($S$4-$Q$4) -> 0.80645161 | U37: =SUMPRODUCT((export2016!$E$2:$E$3279>=$U$3)*(export2016!$E$2:$E$3279<=$U$4)*(export2016!$D$2:$D$3279=A37),export2016!$I$2:$I$3279) -> 28 | V37: =U37/($U$4-$S$4) -> 0.93333333 | W37: =SUMPRODUCT((export2016!$E$2:$E$3279>=$W$3)*(export2016!$E$2:$E$3279<=$W$4)*(export2016!$D$2:$D$3279=A37),export2016!$I$2:$I$3279) -> 24 | X37: =W37/($W$4-$U$4) -> 0.77419355 | Y37: =SUMPRODUCT((export2016!$E$2:$E$3279>=$Y$3)*(export2016!$E$2:$E$3279<=$Y$4)*(export2016!$D$2:$D$3279=A37),export2016!$I$2:$I$3279) -> 16 | Z37: =Y37/($Y$4-$W$4) -> 0.53333333 | AA37: =SUMPRODUCT((export2016!$E$2:$E$3279>=$AA$3)*(export2016!$E$2:$E$3279<=$AA$4)*(export2016!$D$2:$D$3279=A37),export2016!$I$2:$I$3279) -> 25 | AB37: =AA37/($AA$4-$Y$4) -> 0.80645161
A38: Melantrichova #2 | B38: =E38+G38+I38+K38+M38+O38+Q38+S38+U38+W38+Y38+AA38 -> 244 | C38: =B38/12 -> 20.333333 | D38: =B38/($AA$4-$A$3) -> 0.66666667 | E38: =SUMPRODUCT((export2016!$E$2:$E$3279>=$E$3)*(export2016!$E$2:$E$3279<=$E$4)*(export2016!$D$2:$D$3279=A38),export2016!$I$2:$I$3279) -> 6 | F38: =E38/($E$4-$A$3) -> 0.19354839 | G38: =SUMPRODUCT((export2016!$E$2:$E$3279>=$G$3)*(export2016!$E$2:$E$3279<=$G$4)*(export2016!$D$2:$D$3279=A38),export2016!$I$2:$I$3279) -> 22 | H38: =G38/($G$4-$E$4) -> 0.75862069 | I38: =SUMPRODUCT((export2016!$E$2:$E$3279>=$I$3)*(export2016!$E$2:$E$3279<=$I$4)*(export2016!$D$2:$D$3279=A38),export2016!$I$2:$I$3279) -> 22 | J38: =I38/($I$4-$G$4) -> 0.70967742 | K38: =SUMPRODUCT((export2016!$E$2:$E$3279>=$K$3)*(export2016!$E$2:$E$3279<=$K$4)*(export2016!$D$2:$D$3279=A38),export2016!$I$2:$I$3279) -> 22 | L38: =K38/($K$4-$I$4) -> 0.73333333 | M38: =SUMPRODUCT((export2016!$E$2:$E$3279>=$M$3)*(export2016!$E$2:$E$3279<=$M$4)*(export2016!$D$2:$D$3279=A38),export2016!$I$2:$I$3279) -> 25 | N38: =M38/($M$4-$K$4) -> 0.80645161 | O38: =SUMPRODUCT((export2016!$E$2:$E$3279>=$O$3)*(export2016!$E$2:$E$3279<=$O$4)*(export2016!$D$2:$D$3279=A38),export2016!$I$2:$I$3279) -> 17 | P38: =O38/($O$4-$M$4) -> 0.56666667 | Q38: =SUMPRODUCT((export2016!$E$2:$E$3279>=$Q$3)*(export2016!$E$2:$E$3279<=$Q$4)*(export2016!$D$2:$D$3279=A38),export2016!$I$2:$I$3279) -> 22 | R38: =Q38/($Q$4-$O$4) -> 0.70967742 | S38: =SUMPRODUCT((export2016!$E$2:$E$3279>=$S$3)*(export2016!$E$2:$E$3279<=$S$4)*(export2016!$D$2:$D$3279=A38),export2016!$I$2:$I$3279) -> 27 | T38: =S38/($S$4-$Q$4) -> 0.87096774 | U38: =SUMPRODUCT((export2016!$E$2:$E$3279>=$U$3)*(export2016!$E$2:$E$3279<=$U$4)*(export2016!$D$2:$D$3279=A38),export2016!$I$2:$I$3279) -> 25 | V38: =U38/($U$4-$S$4) -> 0.83333333 | W38: =SUMPRODUCT((export2016!$E$2:$E$3279>=$W$3)*(export2016!$E$2:$E$3279<=$W$4)*(export2016!$D$2:$D$3279=A38),export2016!$I$2:$I$3279) -> 21 | X38: =W38/($W$4-$U$4) -> 0.67741935 | Y38: =SUMPRODUCT((export2016!$E$2:$E$3279>=$Y$3)*(export2016!$E$2:$E$3279<=$Y$4)*(export2016!$D$2:$D$3279=A38),export2016!$I$2:$I$3279) -> 12 | Z38: =Y38/($Y$4-$W$4) -> 0.4 | AA38: =SUMPRODUCT((export2016!$E$2:$E$3279>=$AA$3)*(export2016!$E$2:$E$3279<=$AA$4)*(export2016!$D$2:$D$3279=A38),export2016!$I$2:$I$3279) -> 23 | AB38: =AA38/($AA$4-$Y$4) -> 0.74193548
A39: Na Smetance #1 | B39: =E39+G39+I39+K39+M39+O39+Q39+S39+U39+W39+Y39+AA39 -> 175 | C39: =B39/12 -> 14.583333 | D39: =B39/($AA$4-$A$3) -> 0.47814208 | E39: =SUMPRODUCT((export2016!$E$2:$E$3279>=$E$3)*(export2016!$E$2:$E$3279<=$E$4)*(export2016!$D$2:$D$3279=A39),export2016!$I$2:$I$3279) -> 3 | F39: =E39/($E$4-$A$3) -> 0.096774194 | G39: =SUMPRODUCT((export2016!$E$2:$E$3279>=$G$3)*(export2016!$E$2:$E$3279<=$G$4)*(export2016!$D$2:$D$3279=A39),export2016!$I$2:$I$3279) -> 8 | H39: =G39/($G$4-$E$4) -> 0.27586207 | I39: =SUMPRODUCT((export2016!$E$2:$E$3279>=$I$3)*(export2016!$E$2:$E$3279<=$I$4)*(export2016!$D$2:$D$3279=A39),export2016!$I$2:$I$3279) -> 15 | J39: =I39/($I$4-$G$4) -> 0.48387097 | K39: =SUMPRODUCT((export2016!$E$2:$E$3279>=$K$3)*(export2016!$E$2:$E$3279<=$K$4)*(export2016!$D$2:$D$3279=A39),export2016!$I$2:$I$3279) -> 15 | L39: =K39/($K$4-$I$4) -> 0.5 | M39: =SUMPRODUCT((export2016!$E$2:$E$3279>=$M$3)*(export2016!$E$2:$E$3279<=$M$4)*(export2016!$D$2:$D$3279=A39),export2016!$I$2:$I$3279) -> 11 | N39: =M39/($M$4-$K$4) -> 0.35483871 | O39: =SUMPRODUCT((export2016!$E$2:$E$3279>=$O$3)*(export2016!$E$2:$E$3279<=$O$4)*(export2016!$D$2:$D$3279=A39),export2016!$I$2:$I$3279) -> 17 | P39: =O39/($O$4-$M$4) -> 0.56666667 | Q39: =SUMPRODUCT((export2016!$E$2:$E$3279>=$Q$3)*(export2016!$E$2:$E$3279<=$Q$4)*(export2016!$D$2:$D$3279=A39),export2016!$I$2:$I$3279) -> 24 | R39: =Q39/($Q$4-$O$4) -> 0.77419355 | S39: =SUMPRODUCT((export2016!$E$2:$E$3279>=$S$3)*(export2016!$E$2:$E$3279<=$S$4)*(export2016!$D$2:$D$3279=A39),export2016!$I$2:$I$3279) -> 26 | T39: =S39/($S$4-$Q$4) -> 0.83870968 | U39: =SUMPRODUCT((export2016!$E$2:$E$3279>=$U$3)*(export2016!$E$2:$E$3279<=$U$4)*(export2016!$D$2:$D$3279=A39),export2016!$I$2:$I$3279) -> 19 | V39: =U39/($U$4-$S$4) -> 0.63333333 | W39: =SUMPRODUCT((export2016!$E$2:$E$3279>=$W$3)*(export2016!$E$2:$E$3279<=$W$4)*(export2016!$D$2:$D$3279=A39),export2016!$I$2:$I$3279) -> 16 | X39: =W39/($W$4-$U$4) -> 0.51612903 | Y39: =SUMPRODUCT((export2016!$E$2:$E$3279>=$Y$3)*(export2016!$E$2:$E$3279<=$Y$4)*(export2016!$D$2:$D$3279=A39),export2016!$I$2:$I$3279) -> 7 | Z39: =Y39/($Y$4-$W$4) -> 0.23333333 | AA39: =SUMPRODUCT((export2016!$E$2:$E$3279>=$AA$3)*(export2016!$E$2:$E$3279<=$AA$4)*(export2016!$D$2:$D$3279=A39),export2016!$I$2:$I$3279) -> 14 | AB39: =AA39/($AA$4-$Y$4) -> 0.4516129
A40: Na Smetance #2 | B40: =E40+G40+I40+K40+M40+O40+Q40+S40+U40+W40+Y40+AA40 -> 198 | C40: =B40/12 -> 16.5 | D40: =B40/($AA$4-$A$3) -> 0.54098361 | E40: =SUMPRODUCT((export2016!$E$2:$E$3279>=$E$3)*(export2016!$E$2:$E$3279<=$E$4)*(export2016!$D$2:$D$3279=A40),export2016!$I$2:$I$3279) -> 0 | F40: =E40/($E$4-$A$3) -> 0 | G40: =SUMPRODUCT((export2016!$E$2:$E$3279>=$G$3)*(export2016!$E$2:$E$3279<=$G$4)*(export2016!$D$2:$D$3279=A40),export2016!$I$2:$I$3279) -> 27 | H40: =G40/($G$4-$E$4) -> 0.93103448 | I40: =SUMPRODUCT((export2016!$E$2:$E$3279>=$I$3)*(export2016!$E$2:$E$3279<=$I$4)*(export2016!$D$2:$D$3279=A40),export2016!$I$2:$I$3279) -> 20 | J40: =I40/($I$4-$G$4) -> 0.64516129 | K40: =SUMPRODUCT((export2016!$E$2:$E$3279>=$K$3)*(export2016!$E$2:$E$3279<=$K$4)*(export2016!$D$2:$D$3279=A40),export2016!$I$2:$I$3279) -> 9 | L40: =K40/($K$4-$I$4) -> 0.3 | M40: =SUMPRODUCT((export2016!$E$2:$E$3279>=$M$3)*(export2016!$E$2:$E$3279<=$M$4)*(export2016!$D$2:$D$3279=A40),export2016!$I$2:$I$3279) -> 20 | N40: =M40/($M$4-$K$4) -> 0.64516129 | O40: =SUMPRODUCT((export2016!$E$2:$E$3279>=$O$3)*(export2016!$E$2:$E$3279<=$O$4)*(export2016!$D$2:$D$3279=A40),export2016!$I$2:$I$3279) -> 13 | P40: =O40/($O$4-$M$4) -> 0.43333333 | Q40: =SUMPRODUCT((export2016!$E$2:$E$3279>=$Q$3)*(export2016!$E$2:$E$3279<=$Q$4)*(export2016!$D$2:$D$3279=A40),export2016!$I$2:$I$3279) -> 25 | R40: =Q40/($Q$4-$O$4) -> 0.80645161 | S40: =SUMPRODUCT((export2016!$E$2:$E$3279>=$S$3)*(export2016!$E$2:$E$3279<=$S$4)*(export2016!$D$2:$D$3279=A40),export2016!$I$2:$I$3279) -> 18 | T40: =S40/($S$4-$Q$4) -> 0.58064516 | U40: =SUMPRODUCT((export2016!$E$2:$E$3279>=$U$3)*(export2016!$E$2:$E$3279<=$U$4)*(export2016!$D$2:$D$3279=A40),export2016!$I$2:$I$3279) -> 18 | V40: =U40/($U$4-$S$4) -> 0.6 | W40: =SUMPRODUCT((export2016!$E$2:$E$3279>=$W$3)*(export2016!$E$2:$E$3279<=$W$4)*(export2016!$D$2:$D$3279=A40),export2016!$I$2:$I$3279) -> 18 | X40: =W40/($W$4-$U$4) -> 0.58064516 | Y40: =SUMPRODUCT((export2016!$E$2:$E$3279>=$Y$3)*(export2016!$E$2:$E$3279<=$Y$4)*(export2016!$D$2:$D$3279=A40),export2016!$I$2:$I$3279) -> 13 | Z40: =Y40/($Y$4-$W$4) -> 0.43333333 | AA40: =SUMPRODUCT((export2016!$E$2:$E$3279>=$AA$3)*(export2016!$E$2:$E$3279<=$AA$4)*(export2016!$D$2:$D$3279=A40),export2016!$I$2:$I$3279) -> 17 | AB40: =AA40/($AA$4-$Y$4) -> 0.5483871
A41: Na Smetance #4 | B41: =E41+G41+I41+K41+M41+O41+Q41+S41+U41+W41+Y41+AA41 -> 174 | C41: =B41/9 -> 19.333333 | D41: =B41/($AA$4-$A$3) -> 0.47540984 | K41: =SUMPRODUCT((export2016!$E$2:$E$3279>=$K$3)*(export2016!$E$2:$E$3279<=$K$4)*(export2016!$D$2:$D$3279=A41),export2016!$I$2:$I$3279) -> 9 | L41: =K41/($K$4-$I$4) -> 0.3 | M41: =SUMPRODUCT((export2016!$E$2:$E$3279>=$M$3)*(export2016!$E$2:$E$3279<=$M$4)*(export2016!$D$2:$D$3279=A41),export2016!$I$2:$I$3279) -> 14 | N41: =M41/($M$4-$K$4) -> 0.4516129 | O41: =SUMPRODUCT((export2016!$E$2:$E$3279>=$O$3)*(export2016!$E$2:$E$3279<=$O$4)*(export2016!$D$2:$D$3279=A41),export2016!$I$2:$I$3279) -> 21 | P41: =O41/($O$4-$M$4) -> 0.7 | Q41: =SUMPRODUCT((export2016!$E$2:$E$3279>=$Q$3)*(export2016!$E$2:$E$3279<=$Q$4)*(export2016!$D$2:$D$3279=A41),export2016!$I$2:$I$3279) -> 26 | R41: =Q41/($Q$4-$O$4) -> 0.83870968 | S41: =SUMPRODUCT((export2016!$E$2:$E$3279>=$S$3)*(export2016!$E$2:$E$3279<=$S$4)*(export2016!$D$2:$D$3279=A41),export2016!$I$2:$I$3279) -> 28 | T41: =S41/($S$4-$Q$4) -> 0.90322581 | U41: =SUMPRODUCT((export2016!$E$2:$E$3279>=$U$3)*(export2016!$E$2:$E$3279<=$U$4)*(export2016!$D$2:$D$3279=A41),export2016!$I$2:$I$3279) -> 18 | V41: =U41/($U$4-$S$4) -> 0.6 | W41: =SUMPRODUCT((export2016!$E$2:$E$3279>=$W$3)*(export2016!$E$2:$E$3279<=$W$4)*(export2016!$D$2:$D$3279=A41),export2016!$I$2:$I$3279) -> 22 | X41: =W41/($W$4-$U$4) -> 0.70967742 | Y41: =SUMPRODUCT((export2016!$E$2:$E$3279>=$Y$3)*(export2016!$E$2:$E$3279<=$Y$4)*(export2016!$D$2:$D$3279=A41),export2016!$I$2:$I$3279) -> 17 | Z41: =Y41/($Y$4-$W$4) -> 0.56666667 | AA41: =SUMPRODUCT((export2016!$E$2:$E$3279>=$AA$3)*(export2016!$E$2:$E$3279<=$AA$4)*(export2016!$D$2:$D$3279=A41),export2016!$I$2:$I$3279) -> 19 | AB41: =AA41/($AA$4-$Y$4) -> 0.61290323
A42: Na Zborenci #01 | B42: =E42+G42+I42+K42+M42+O42+Q42+S42+U42+W42+Y42+AA42 -> 219 | C42: =B42/12 -> 18.25 | D42: =B42/($AA$4-$A$3) -> 0.59836066 | E42: =SUMPRODUCT((export2016!$E$2:$E$3279>=$E$3)*(export2016!$E$2:$E$3279<=$E$4)*(export2016!$D$2:$D$3279=A42),export2016!$I$2:$I$3279) -> 17 | F42: =E42/($E$4-$A$3) -> 0.5483871 | G42: =SUMPRODUCT((export2016!$E$2:$E$3279>=$G$3)*(export2016!$E$2:$E$3279<=$G$4)*(export2016!$D$2:$D$3279=A42),export2016!$I$2:$I$3279) -> 12 | H42: =G42/($G$4-$E$4) -> 0.4137931 | I42: =SUMPRODUCT((export2016!$E$2:$E$3279>=$I$3)*(export2016!$E$2:$E$3279<=$I$4)*(export2016!$D$2:$D$3279=A42),export2016!$I$2:$I$3279) -> 24 | J42: =I42/($I$4-$G$4) -> 0.77419355 | K42: =SUMPRODUCT((export2016!$E$2:$E$3279>=$K$3)*(export2016!$E$2:$E$3279<=$K$4)*(export2016!$D$2:$D$3279=A42),export2016!$I$2:$I$3279) -> 11 | L42: =K42/($K$4-$I$4) -> 0.36666667 | M42: =SUMPRODUCT((export2016!$E$2:$E$3279>=$M$3)*(export2016!$E$2:$E$3279<=$M$4)*(export2016!$D$2:$D$3279=A42),export2016!$I$2:$I$3279) -> 17 | N42: =M42/($M$4-$K$4) -> 0.5483871 | O42: =SUMPRODUCT((export2016!$E$2:$E$3279>=$O$3)*(export2016!$E$2:$E$3279<=$O$4)*(export2016!$D$2:$D$3279=A42),export2016!$I$2:$I$3279) -> 12 | P42: =O42/($O$4-$M$4) -> 0.4 | Q42: =SUMPRODUCT((export2016!$E$2:$E$3279>=$Q$3)*(export2016!$E$2:$E$3279<=$Q$4)*(export2016!$D$2:$D$3279=A42),export2016!$I$2:$I$3279) -> 29 | R42: =Q42/($Q$4-$O$4) -> 0.93548387 | S42: =SUMPRODUCT((export2016!$E$2:$E$3279>=$S$3)*(export2016!$E$2:$E$3279<=$S$4)*(export2016!$D$2:$D$3279=A42),export2016!$I$2:$I$3279) -> 24 | T42: =S42/($S$4-$Q$4) -> 0.77419355 | U42: =SUMPRODUCT((export2016!$E$2:$E$3279>=$U$3)*(export2016!$E$2:$E$3279<=$U$4)*(export2016!$D$2:$D$3279=A42),export2016!$I$2:$I$3279) -> 25 | V42: =U42/($U$4-$S$4) -> 0.83333333 | W42: =SUMPRODUCT((export2016!$E$2:$E$3279>=$W$3)*(export2016!$E$2:$E$3279<=$W$4)*(export2016!$D$2:$D$3279=A42),export2016!$I$2:$I$3279) -> 19 | X42: =W42/($W$4-$U$4) -> 0.61290323 | Y42: =SUMPRODUCT((export2016!$E$2:$E$3279>=$Y$3)*(export2016!$E$2:$E$3279<=$Y$4)*(export2016!$D$2:$D$3279=A42),export2016!$I$2:$I$3279) -> 9 | Z42: =Y42/($Y$4-$W$4) -> 0.3 | AA42: =SUMPRODUCT((export2016!$E$2:$E$3279>=$AA$3)*(export2016!$E$2:$E$3279<=$AA$4)*(export2016!$D$2:$D$3279=A42),export2016!$I$2:$I$3279) -> 20 | AB42: =AA42/($AA$4-$Y$4) -> 0.64516129
A43: Na Zborenci #03 | B43: =E43+G43+I43+K43+M43+O43+Q43+S43+U43+W43+Y43+AA43 -> 209 | C43: =B43/12 -> 17.416667 | D43: =B43/($AA$4-$A$3) -> 0.57103825 | E43: =SUMPRODUCT((export2016!$E$2:$E$3279>=$E$3)*(export2016!$E$2:$E$3279<=$E$4)*(export2016!$D$2:$D$3279=A43),export2016!$I$2:$I$3279) -> 6 | F43: =E43/($E$4-$A$3) -> 0.19354839 | G43: =SUMPRODUCT((export2016!$E$2:$E$3279>=$G$3)*(export2016!$E$2:$E$3279<=$G$4)*(export2016!$D$2:$D$3279=A43),export2016!$I$2:$I$3279) -> 11 | H43: =G43/($G$4-$E$4) -> 0.37931034 | I43: =SUMPRODUCT((export2016!$E$2:$E$3279>=$I$3)*(export2016!$E$2:$E$3279<=$I$4)*(export2016!$D$2:$D$3279=A43),export2016!$I$2:$I$3279) -> 10 | J43: =I43/($I$4-$G$4) -> 0.32258065 | K43: =SUMPRODUCT((export2016!$E$2:$E$3279>=$K$3)*(export2016!$E$2:$E$3279<=$K$4)*(export2016!$D$2:$D$3279=A43),export2016!$I$2:$I$3279) -> 17 | L43: =K43/($K$4-$I$4) -> 0.56666667 | M43: =SUMPRODUCT((export2016!$E$2:$E$3279>=$M$3)*(export2016!$E$2:$E$3279<=$M$4)*(export2016!$D$2:$D$3279=A43),export2016!$I$2:$I$3279) -> 17 | N43: =M43/($M$4-$K$4) -> 0.5483871 | O43: =SUMPRODUCT((export2016!$E$2:$E$3279>=$O$3)*(export2016!$E$2:$E$3279<=$O$4)*(export2016!$D$2:$D$3279=A43),export2016!$I$2:$I$3279) -> 15 | P43: =O43/($O$4-$M$4) -> 0.5 | Q43: =SUMPRODUCT((export2016!$E$2:$E$3279>=$Q$3)*(export2016!$E$2:$E$3279<=$Q$4)*(export2016!$D$2:$D$3279=A43),export2016!$I$2:$I$3279) -> 25 | R43: =Q43/($Q$4-$O$4) -> 0.80645161 | S43: =SUMPRODUCT((export2016!$E$2:$E$3279>=$S$3)*(export2016!$E$2:$E$3279<=$S$4)*(export2016!$D$2:$D$3279=A43),export2016!$I$2:$I$3279) -> 24 | T43: =S43/($S$4-$Q$4) -> 0.77419355 | U43: =SUMPRODUCT((export2016!$E$2:$E$3279>=$U$3)*(export2016!$E$2:$E$3279<=$U$4)*(export2016!$D$2:$D$3279=A43),export2016!$I$2:$I$3279) -> 26 | V43: =U43/($U$4-$S$4) -> 0.86666667 | W43: =SUMPRODUCT((export2016!$E$2:$E$3279>=$W$3)*(export2016!$E$2:$E$3279<=$W$4)*(export2016!$D$2:$D$3279=A43),export2016!$I$2:$I$3279) -> 25 | X43: =W43/($W$4-$U$4) -> 0.80645161 | Y43: =SUMPRODUCT((export2016!$E$2:$E$3279>=$Y$3)*(export2016!$E$2:$E$3279<=$Y$4)*(export2016!$D$2:$D$3279=A43),export2016!$I$2:$I$3279) -> 13 | Z43: =Y43/($Y$4-$W$4) -> 0.43333333 | AA43: =SUMPRODUCT((export2016!$E$2:$E$3279>=$AA$3)*(export2016!$E$2:$E$3279<=$AA$4)*(export2016!$D$2:$D$3279=A43),export2016!$I$2:$I$3279) -> 20 | AB43: =AA43/($AA$4-$Y$4) -> 0.64516129
A44: Na Zborenci #04 | B44: =E44+G44+I44+K44+M44+O44+Q44+S44+U44+W44+Y44+AA44 -> 275 | C44: =B44/12 -> 22.916667 | D44: =B44/($AA$4-$A$3) -> 0.75136612 | E44: =SUMPRODUCT((export2016!$E$2:$E$3279>=$E$3)*(export2016!$E$2:$E$3279<=$E$4)*(export2016!$D$2:$D$3279=A44),export2016!$I$2:$I$3279) -> 13 | F44: =E44/($E$4-$A$3) -> 0.41935484 | G44: =SUMPRODUCT((export2016!$E$2:$E$3279>=$G$3)*(export2016!$E$2:$E$3279<=$G$4)*(export2016!$D$2:$D$3279=A44),export2016!$I$2:$I$3279) -> 13 | H44: =G44/($G$4-$E$4) -> 0.44827586 | I44: =SUMPRODUCT((export2016!$E$2:$E$3279>=$I$3)*(export2016!$E$2:$E$3279<=$I$4)*(export2016!$D$2:$D$3279=A44),export2016!$I$2:$I$3279) -> 20 | J44: =I44/($I$4-$G$4) -> 0.64516129 | K44: =SUMPRODUCT((export2016!$E$2:$E$3279>=$K$3)*(export2016!$E$2:$E$3279<=$K$4)*(export2016!$D$2:$D$3279=A44),export2016!$I$2:$I$3279) -> 29 | L44: =K44/($K$4-$I$4) -> 0.96666667 | M44: =SUMPRODUCT((export2016!$E$2:$E$3279>=$M$3)*(export2016!$E$2:$E$3279<=$M$4)*(export2016!$D$2:$D$3279=A44),export2016!$I$2:$I$3279) -> 28 | N44: =M44/($M$4-$K$4) -> 0.90322581 | O44: =SUMPRODUCT((export2016!$E$2:$E$3279>=$O$3)*(export2016!$E$2:$E$3279<=$O$4)*(export2016!$D$2:$D$3279=A44),export2016!$I$2:$I$3279) -> 20 | P44: =O44/($O$4-$M$4) -> 0.66666667 | Q44: =SUMPRODUCT((export2016!$E$2:$E$3279>=$Q$3)*(export2016!$E$2:$E$3279<=$Q$4)*(export2016!$D$2:$D$3279=A44),export2016!$I$2:$I$3279) -> 32 | R44: =Q44/($Q$4-$O$4) -> 1.0322581 | S44: =SUMPRODUCT((export2016!$E$2:$E$3279>=$S$3)*(export2016!$E$2:$E$3279<=$S$4)*(export2016!$D$2:$D$3279=A44),export2016!$I$2:$I$3279) -> 22 | T44: =S44/($S$4-$Q$4) -> 0.70967742 | U44: =SUMPRODUCT((export2016!$E$2:$E$3279>=$U$3)*(export2016!$E$2:$E$3279<=$U$4)*(export2016!$D$2:$D$3279=A44),export2016!$I$2:$I$3279) -> 29 | V44: =U44/($U$4-$S$4) -> 0.96666667 | W44: =SUMPRODUCT((export2016!$E$2:$E$3279>=$W$3)*(export2016!$E$2:$E$3279<=$W$4)*(export2016!$D$2:$D$3279=A44),export2016!$I$2:$I$3279) -> 29 | X44: =W44/($W$4-$U$4) -> 0.93548387 | Y44: =SUMPRODUCT((export2016!$E$2:$E$3279>=$Y$3)*(export2016!$E$2:$E$3279<=$Y$4)*(export2016!$D$2:$D$3279=A44),export2016!$I$2:$I$3279) -> 16 | Z44: =Y44/($Y$4-$W$4) -> 0.53333333 | AA44: =SUMPRODUCT((export2016!$E$2:$E$3279>=$AA$3)*(export2016!$E$2:$E$3279<=$AA$4)*(export2016!$D$2:$D$3279=A44),export2016!$I$2:$I$3279) -> 24 | AB44: =AA44/($AA$4-$Y$4) -> 0.77419355
A45: Na Zborenci #09 | B45: =E45+G45+I45+K45+M45+O45+Q45+S45+U45+W45+Y45+AA45 -> 221 | C45: =B45/12 -> 18.416667 | D45: =B45/($AA$4-$A$3) -> 0.60382514 | E45: =SUMPRODUCT((export2016!$E$2:$E$3279>=$E$3)*(export2016!$E$2:$E$3279<=$E$4)*(export2016!$D$2:$D$3279=A45),export2016!$I$2:$I$3279) -> 0 | F45: =E45/($E$4-$A$3) -> 0 | G45: =SUMPRODUCT((export2016!$E$2:$E$3279>=$G$3)*(export2016!$E$2:$E$3279<=$G$4)*(export2016!$D$2:$D$3279=A45),export2016!$I$2:$I$3279) -> 12 | H45: =G45/($G$4-$E$4) -> 0.4137931 | I45: =SUMPRODUCT((export2016!$E$2:$E$3279>=$I$3)*(export2016!$E$2:$E$3279<=$I$4)*(export2016!$D$2:$D$3279=A45),export2016!$I$2:$I$3279) -> 17 | J45: =I45/($I$4-$G$4) -> 0.5483871 | K45: =SUMPRODUCT((export2016!$E$2:$E$3279>=$K$3)*(export2016!$E$2:$E$3279<=$K$4)*(export2016!$D$2:$D$3279=A45),export2016!$I$2:$I$3279) -> 16 | L45: =K45/($K$4-$I$4) -> 0.53333333 | M45: =SUMPRODUCT((export2016!$E$2:$E$3279>=$M$3)*(export2016!$E$2:$E$3279<=$M$4)*(export2016!$D$2:$D$3279=A45),export2016!$I$2:$I$3279) -> 23 | N45: =M45/($M$4-$K$4) -> 0.74193548 | O45: =SUMPRODUCT((export2016!$E$2:$E$3279>=$O$3)*(export2016!$E$2:$E$3279<=$O$4)*(export2016!$D$2:$D$3279=A45),export2016!$I$2:$I$3279) -> 19 | P45: =O45/($O$4-$M$4) -> 0.63333333 | Q45: =SUMPRODUCT((export2016!$E$2:$E$3279>=$Q$3)*(export2016!$E$2:$E$3279<=$Q$4)*(export2016!$D$2:$D$3279=A45),export2016!$I$2:$I$3279) -> 24 | R45: =Q45/($Q$4-$O$4) -> 0.77419355 | S45: =SUMPRODUCT((export2016!$E$2:$E$3279>=$S$3)*(export2016!$E$2:$E$3279<=$S$4)*(export2016!$D$2:$D$3279=A45),export2016!$I$2:$I$3279) -> 25 | T45: =S45/($S$4-$Q$4) -> 0.80645161 | U45: =SUMPRODUCT((export2016!$E$2:$E$3279>=$U$3)*(export2016!$E$2:$E$3279<=$U$4)*(export2016!$D$2:$D$3279=A45),export2016!$I$2:$I$3279) -> 23 | V45: =U45/($U$4-$S$4) -> 0.76666667 | W45: =SUMPRODUCT((export2016!$E$2:$E$3279>=$W$3)*(export2016!$E$2:$E$3279<=$W$4)*(export2016!$D$2:$D$3279=A45),export2016!$I$2:$I$3279) -> 23 | X45: =W45/($W$4-$U$4) -> 0.74193548 | Y45: =SUMPRODUCT((export2016!$E$2:$E$3279>=$Y$3)*(export2016!$E$2:$E$3279<=$Y$4)*(export2016!$D$2:$D$3279=A45),export2016!$I$2:$I$3279) -> 24 | Z45: =Y45/($Y$4-$W$4) -> 0.8 | AA45: =SUMPRODUCT((export2016!$E$2:$E$3279>=$AA$3)*(export2016!$E$2:$E$3279<=$AA$4)*(export2016!$D$2:$D$3279=A45),export2016!$I$2:$I$3279) -> 15 | AB45: =AA45/($AA$4-$Y$4) -> 0.48387097
A46: Na Zborenci #10 | B46: =E46+G46+I46+K46+M46+O46+Q46+S46+U46+W46+Y46+AA46 -> 178 | C46: =B46/12 -> 14.833333 | D46: =B46/($AA$4-$A$3) -> 0.4863388 | E46: =SUMPRODUCT((export2016!$E$2:$E$3279>=$E$3)*(export2016!$E$2:$E$3279<=$E$4)*(export2016!$D$2:$D$3279=A46),export2016!$I$2:$I$3279) -> 13 | F46: =E46/($E$4-$A$3) -> 0.41935484 | G46: =SUMPRODUCT((export2016!$E$2:$E$3279>=$G$3)*(export2016!$E$2:$E$3279<=$G$4)*(export2016!$D$2:$D$3279=A46),export2016!$I$2:$I$3279) -> 2 | H46: =G46/($G$4-$E$4) -> 0.068965517 | I46: =SUMPRODUCT((export2016!$E$2:$E$3279>=$I$3)*(export2016!$E$2:$E$3279<=$I$4)*(export2016!$D$2:$D$3279=A46),export2016!$I$2:$I$3279) -> 8 | J46: =I46/($I$4-$G$4) -> 0.25806452 | K46: =SUMPRODUCT((export2016!$E$2:$E$3279>=$K$3)*(export2016!$E$2:$E$3279<=$K$4)*(export2016!$D$2:$D$3279=A46),export2016!$I$2:$I$3279) -> 13 | L46: =K46/($K$4-$I$4) -> 0.43333333 | M46: =SUMPRODUCT((export2016!$E$2:$E$3279>=$M$3)*(export2016!$E$2:$E$3279<=$M$4)*(export2016!$D$2:$D$3279=A46),export2016!$I$2:$I$3279) -> 18 | N46: =M46/($M$4-$K$4) -> 0.58064516 | O46: =SUMPRODUCT((export2016!$E$2:$E$3279>=$O$3)*(export2016!$E$2:$E$3279<=$O$4)*(export2016!$D$2:$D$3279=A46),export2016!$I$2:$I$3279) -> 17 | P46: =O46/($O$4-$M$4) -> 0.56666667 | Q46: =SUMPRODUCT((export2016!$E$2:$E$3279>=$Q$3)*(export2016!$E$2:$E$3279<=$Q$4)*(export2016!$D$2:$D$3279=A46),export2016!$I$2:$I$3279) -> 30 | R46: =Q46/($Q$4-$O$4) -> 0.96774194 | S46: =SUMPRODUCT((export2016!$E$2:$E$3279>=$S$3)*(export2016!$E$2:$E$3279<=$S$4)*(export2016!$D$2:$D$3279=A46),export2016!$I$2:$I$3279) -> 19 | T46: =S46/($S$4-$Q$4) -> 0.61290323 | U46: =SUMPRODUCT((export2016!$E$2:$E$3279>=$U$3)*(export2016!$E$2:$E$3279<=$U$4)*(export2016!$D$2:$D$3279=A46),export2016!$I$2:$I$3279) -> 17 | V46: =U46/($U$4-$S$4) -> 0.56666667 | W46: =SUMPRODUCT((export2016!$E$2:$E$3279>=$W$3)*(export2016!$E$2:$E$3279<=$W$4)*(export2016!$D$2:$D$3279=A46),export2016!$I$2:$I$3279) -> 15 | X46: =W46/($W$4-$U$4) -> 0.48387097 | Y46: =SUMPRODUCT((export2016!$E$2:$E$3279>=$Y$3)*(export2016!$E$2:$E$3279<=$Y$4)*(export2016!$D$2:$D$3279=A46),export2016!$I$2:$I$3279) -> 13 | Z46: =Y46/($Y$4-$W$4) -> 0.43333333 | AA46: =SUMPRODUCT((export2016!$E$2:$E$3279>=$AA$3)*(export2016!$E$2:$E$3279<=$AA$4)*(export2016!$D$2:$D$3279=A46),export2016!$I$2:$I$3279) -> 13 | AB46: =AA46/($AA$4-$Y$4) -> 0.41935484
A47: Na Zborenci #12 | B47: =E47+G47+I47+K47+M47+O47+Q47+S47+U47+W47+Y47+AA47 -> 187 | C47: =B47/8 -> 23.375 | D47: =B47/($AA$4-$A$3) -> 0.51092896 | M47: =SUMPRODUCT((export2016!$E$2:$E$3279>=$M$3)*(export2016!$E$2:$E$3279<=$M$4)*(export2016!$D$2:$D$3279=A47),export2016!$I$2:$I$3279) -> 19 | N47: =M47/($M$4-$K$4) -> 0.61290323 | O47: =SUMPRODUCT((export2016!$E$2:$E$3279>=$O$3)*(export2016!$E$2:$E$3279<=$O$4)*(export2016!$D$2:$D$3279=A47),export2016!$I$2:$I$3279) -> 17 | P47: =O47/($O$4-$M$4) -> 0.56666667 | Q47: =SUMPRODUCT((export2016!$E$2:$E$3279>=$Q$3)*(export2016!$E$2:$E$3279<=$Q$4)*(export2016!$D$2:$D$3279=A47),export2016!$I$2:$I$3279) -> 29 | R47: =Q47/($Q$4-$O$4) -> 0.93548387 | S47: =SUMPRODUCT((export2016!$E$2:$E$3279>=$S$3)*(export2016!$E$2:$E$3279<=$S$4)*(export2016!$D$2:$D$3279=A47),export2016!$I$2:$I$3279) -> 24 | T47: =S47/($S$4-$Q$4) -> 0.77419355 | U47: =SUMPRODUCT((export2016!$E$2:$E$3279>=$U$3)*(export2016!$E$2:$E$3279<=$U$4)*(export2016!$D$2:$D$3279=A47),export2016!$I$2:$I$3279) -> 24 | V47: =U47/($U$4-$S$4) -> 0.8 | W47: =SUMPRODUCT((export2016!$E$2:$E$3279>=$W$3)*(export2016!$E$2:$E$3279<=$W$4)*(export2016!$D$2:$D$3279=A47),export2016!$I$2:$I$3279) -> 28 | X47: =W47/($W$4-$U$4) -> 0.90322581 | Y47: =SUMPRODUCT((export2016!$E$2:$E$3279>=$Y$3)*(export2016!$E$2:$E$3279<=$Y$4)*(export2016!$D$2:$D$3279=A47),export2016!$I$2:$I$3279) -> 22 | Z47: =Y47/($Y$4-$W$4) -> 0.73333333 | AA47: =SUMPRODUCT((export2016!$E$2:$E$3279>=$AA$3)*(export2016!$E$2:$E$3279<=$AA$4)*(export2016!$D$2:$D$3279=A47),export2016!$I$2:$I$3279) -> 24 | AB47: =AA47/($AA$4-$Y$4) -> 0.77419355
A48: Narodni #1 | B48: =E48+G48+I48+K48+M48+O48+Q48+S48+U48+W48+Y48+AA48 -> 221 | C48: =B48/12 -> 18.416667 | D48: =B48/($AA$4-$A$3) -> 0.60382514 | E48: =SUMPRODUCT((export2016!$E$2:$E$3279>=$E$3)*(export2016!$E$2:$E$3279<=$E$4)*(export2016!$D$2:$D$3279=A48),export2016!$I$2:$I$3279) -> 2 | F48: =E48/($E$4-$A$3) -> 0.064516129 | G48: =SUMPRODUCT((export2016!$E$2:$E$3279>=$G$3)*(export2016!$E$2:$E$3279<=$G$4)*(export2016!$D$2:$D$3279=A48),export2016!$I$2:$I$3279) -> 8 | H48: =G48/($G$4-$E$4) -> 0.27586207 | I48: =SUMPRODUCT((export2016!$E$2:$E$3279>=$I$3)*(export2016!$E$2:$E$3279<=$I$4)*(export2016!$D$2:$D$3279=A48),export2016!$I$2:$I$3279) -> 10 | J48: =I48/($I$4-$G$4) -> 0.32258065 | K48: =SUMPRODUCT((export2016!$E$2:$E$3279>=$K$3)*(export2016!$E$2:$E$3279<=$K$4)*(export2016!$D$2:$D$3279=A48),export2016!$I$2:$I$3279) -> 16 | L48: =K48/($K$4-$I$4) -> 0.53333333 | M48: =SUMPRODUCT((export2016!$E$2:$E$3279>=$M$3)*(export2016!$E$2:$E$3279<=$M$4)*(export2016!$D$2:$D$3279=A48),export2016!$I$2:$I$3279) -> 24 | N48: =M48/($M$4-$K$4) -> 0.77419355 | O48: =SUMPRODUCT((export2016!$E$2:$E$3279>=$O$3)*(export2016!$E$2:$E$3279<=$O$4)*(export2016!$D$2:$D$3279=A48),export2016!$I$2:$I$3279) -> 28 | P48: =O48/($O$4-$M$4) -> 0.93333333 | Q48: =SUMPRODUCT((export2016!$E$2:$E$3279>=$Q$3)*(export2016!$E$2:$E$3279<=$Q$4)*(export2016!$D$2:$D$3279=A48),export2016!$I$2:$I$3279) -> 24 | R48: =Q48/($Q$4-$O$4) -> 0.77419355 | S48: =SUMPRODUCT((export2016!$E$2:$E$3279>=$S$3)*(export2016!$E$2:$E$3279<=$S$4)*(export2016!$D$2:$D$3279=A48),export2016!$I$2:$I$3279) -> 26 | T48: =S48/($S$4-$Q$4) -> 0.83870968 | U48: =SUMPRODUCT((export2016!$E$2:$E$3279>=$U$3)*(export2016!$E$2:$E$3279<=$U$4)*(export2016!$D$2:$D$3279=A48),export2016!$I$2:$I$3279) -> 25 | V48: =U48/($U$4-$S$4) -> 0.83333333 | W48: =SUMPRODUCT((export2016!$E$2:$E$3279>=$W$3)*(export2016!$E$2:$E$3279<=$W$4)*(export2016!$D$2:$D$3279=A48),export2016!$I$2:$I$3279) -> 25 | X48: =W48/($W$4-$U$4) -> 0.80645161 | Y48: =SUMPRODUCT((export2016!$E$2:$E$3279>=$Y$3)*(export2016!$E$2:$E$3279<=$Y$4)*(export2016!$D$2:$D$3279=A48),export2016!$I$2:$I$3279) -> 13 | Z48: =Y48/($Y$4-$W$4) -> 0.43333333 | AA48: =SUMPRODUCT((export2016!$E$2:$E$3279>=$AA$3)*(export2016!$E$2:$E$3279<=$AA$4)*(export2016!$D$2:$D$3279=A48),export2016!$I$2:$I$3279) -> 20 | AB48: =AA48/($AA$4-$Y$4) -> 0.64516129
A49: Narodni #2 | B49: =E49+G49+I49+K49+M49+O49+Q49+S49+U49+W49+Y49+AA49 -> 184 | C49: =B49/9 -> 20.444444 | D49: =B49/($AA$4-$A$3) -> 0.50273224 | K49: =SUMPRODUCT((export2016!$E$2:$E$3279>=$K$3)*(export2016!$E$2:$E$3279<=$K$4)*(export2016!$D$2:$D$3279=A49),export2016!$I$2:$I$3279) -> 6 | L49: =K49/($K$4-$I$4) -> 0.2 | M49: =SUMPRODUCT((export2016!$E$2:$E$3279>=$M$3)*(export2016!$E$2:$E$3279<=$M$4)*(export2016!$D$2:$D$3279=A49),export2016!$I$2:$I$3279) -> 16 | N49: =M49/($M$4-$K$4) -> 0.51612903 | O49: =SUMPRODUCT((export2016!$E$2:$E$3279>=$O$3)*(export2016!$E$2:$E$3279<=$O$4)*(export2016!$D$2:$D$3279=A49),export2016!$I$2:$I$3279) -> 20 | P49: =O49/($O$4-$M$4) -> 0.66666667 | Q49: =SUMPRODUCT((export2016!$E$2:$E$3279>=$Q$3)*(export2016!$E$2:$E$3279<=$Q$4)*(export2016!$D$2:$D$3279=A49),export2016!$I$2:$I$3279) -> 28 | R49: =Q49/($Q$4-$O$4) -> 0.90322581 | S49: =SUMPRODUCT((export2016!$E$2:$E$3279>=$S$3)*(export2016!$E$2:$E$3279<=$S$4)*(export2016!$D$2:$D$3279=A49),export2016!$I$2:$I$3279) -> 26 | T49: =S49/($S$4-$Q$4) -> 0.83870968 | U49: =SUMPRODUCT((export2016!$E$2:$E$3279>=$U$3)*(export2016!$E$2:$E$3279<=$U$4)*(export2016!$D$2:$D$3279=A49),export2016!$I$2:$I$3279) -> 22 | V49: =U49/($U$4-$S$4) -> 0.73333333 | W49: =SUMPRODUCT((export2016!$E$2:$E$3279>=$W$3)*(export2016!$E$2:$E$3279<=$W$4)*(export2016!$D$2:$D$3279=A49),export2016!$I$2:$I$3279) -> 27 | X49: =W49/($W$4-$U$4) -> 0.87096774 | Y49: =SUMPRODUCT((export2016!$E$2:$E$3279>=$Y$3)*(export2016!$E$2:$E$3279<=$Y$4)*(export2016!$D$2:$D$3279=A49),export2016!$I$2:$I$3279) -> 14 | Z49: =Y49/($Y$4-$W$4) -> 0.46666667 | AA49: =SUMPRODUCT((export2016!$E$2:$E$3279>=$AA$3)*(export2016!$E$2:$E$3279<=$AA$4)*(export2016!$D$2:$D$3279=A49),export2016!$I$2:$I$3279) -> 25 | AB49: =AA49/($AA$4-$Y$4) -> 0.80645161
A50: Ostrovni | B50: =E50+G50+I50+K50+M50+O50+Q50+S50+U50+W50+Y50+AA50 -> 222 | C50: =B50/12 -> 18.5 | D50: =B50/($AA$4-$A$3) -> 0.60655738 | E50: =SUMPRODUCT((export2016!$E$2:$E$3279>=$E$3)*(export2016!$E$2:$E$3279<=$E$4)*(export2016!$D$2:$D$3279=A50),export2016!$I$2:$I$3279) -> 0 | F50: =E50/($E$4-$A$3) -> 0 | G50: =SUMPRODUCT((export2016!$E$2:$E$3279>=$G$3)*(export2016!$E$2:$E$3279<=$G$4)*(export2016!$D$2:$D$3279=A50),export2016!$I$2:$I$3279) -> 10 | H50: =G50/($G$4-$E$4) -> 0.34482759 | I50: =SUMPRODUCT((export2016!$E$2:$E$3279>=$I$3)*(export2016!$E$2:$E$3279<=$I$4)*(export2016!$D$2:$D$3279=A50),export2016!$I$2:$I$3279) -> 24 | J50: =I50/($I$4-$G$4) -> 0.77419355 | K50: =SUMPRODUCT((export2016!$E$2:$E$3279>=$K$3)*(export2016!$E$2:$E$3279<=$K$4)*(export2016!$D$2:$D$3279=A50),export2016!$I$2:$I$3279) -> 16 | L50: =K50/($K$4-$I$4) -> 0.53333333 | M50: =SUMPRODUCT((export2016!$E$2:$E$3279>=$M$3)*(export2016!$E$2:$E$3279<=$M$4)*(export2016!$D$2:$D$3279=A50),export2016!$I$2:$I$3279) -> 30 | N50: =M50/($M$4-$K$4) -> 0.96774194 | O50: =SUMPRODUCT((export2016!$E$2:$E$3279>=$O$3)*(export2016!$E$2:$E$3279<=$O$4)*(export2016!$D$2:$D$3279=A50),export2016!$I$2:$I$3279) -> 23 | P50: =O50/($O$4-$M$4) -> 0.76666667 | Q50: =SUMPRODUCT((export2016!$E$2:$E$3279>=$Q$3)*(export2016!$E$2:$E$3279<=$Q$4)*(export2016!$D$2:$D$3279=A50),export2016!$I$2:$I$3279) -> 24 | R50: =Q50/($Q$4-$O$4) -> 0.77419355 | S50: =SUMPRODUCT((export2016!$E$2:$E$3279>=$S$3)*(export2016!$E$2:$E$3279<=$S$4)*(export2016!$D$2:$D$3279=A50),export2016!$I$2:$I$3279) -> 19 | T50: =S50/($S$4-$Q$4) -> 0.61290323 | U50: =SUMPRODUCT((export2016!$E$2:$E$3279>=$U$3)*(export2016!$E$2:$E$3279<=$U$4)*(export2016!$D$2:$D$3279=A50),export2016!$I$2:$I$3279) -> 18 | V50: =U50/($U$4-$S$4) -> 0.6 | W50: =SUMPRODUCT((export2016!$E$2:$E$3279>=$W$3)*(export2016!$E$2:$E$3279<=$W$4)*(export2016!$D$2:$D$3279=A50),export2016!$I$2:$I$3279) -> 26 | X50: =W50/($W$4-$U$4) -> 0.83870968 | Y50: =SUMPRODUCT((export2016!$E$2:$E$3279>=$Y$3)*(export2016!$E$2:$E$3279<=$Y$4)*(export2016!$D$2:$D$3279=A50),export2016!$I$2:$I$3279) -> 12 | Z50: =Y50/($Y$4-$W$4) -> 0.4 | AA50: =SUMPRODUCT((export2016!$E$2:$E$3279>=$AA$3)*(export2016!$E$2:$E$3279<=$AA$4)*(export2016!$D$2:$D$3279=A50),export2016!$I$2:$I$3279) -> 20 | AB50: =AA50/($AA$4-$Y$4) -> 0.64516129
A51: Reznicka | B51: =E51+G51+I51+K51+M51+O51+Q51+S51+U51+W51+Y51+AA51 -> 87 | C51: =B51/6 -> 14.5 | D51: =B51/($O$4-$A$3) -> 0.47802198 | E51: =SUMPRODUCT((export2016!$E$2:$E$3279>=$E$3)*(export2016!$E$2:$E$3279<=$E$4)*(export2016!$D$2:$D$3279=A51),export2016!$I$2:$I$3279) -> 0 | F51: =E51/($E$4-$A$3) -> 0 | G51: =SUMPRODUCT((export2016!$E$2:$E$3279>=$G$3)*(export2016!$E$2:$E$3279<=$G$4)*(export2016!$D$2:$D$3279=A51),export2016!$I$2:$I$3279) -> 4 | H51: =G51/($G$4-$E$4) -> 0.13793103 | I51: =SUMPRODUCT((export2016!$E$2:$E$3279>=$I$3)*(export2016!$E$2:$E$3279<=$I$4)*(export2016!$D$2:$D$3279=A51),export2016!$I$2:$I$3279) -> 24 | J51: =I51/($I$4-$G$4) -> 0.77419355 | K51: =SUMPRODUCT((export2016!$E$2:$E$3279>=$K$3)*(export2016!$E$2:$E$3279<=$K$4)*(export2016!$D$2:$D$3279=A51),export2016!$I$2:$I$3279) -> 22 | L51: =K51/($K$4-$I$4) -> 0.73333333 | M51: =SUMPRODUCT((export2016!$E$2:$E$3279>=$M$3)*(export2016!$E$2:$E$3279<=$M$4)*(export2016!$D$2:$D$3279=A51),export2016!$I$2:$I$3279) -> 22 | N51: =M51/($M$4-$K$4) -> 0.70967742 | O51: =SUMPRODUCT((export2016!$E$2:$E$3279>=$O$3)*(export2016!$E$2:$E$3279<=$O$4)*(export2016!$D$2:$D$3279=A51),export2016!$I$2:$I$3279) -> 15 | P51: =O51/($O$4-$M$4) -> 0.5
A52: Soukenicka #1 | B52: =E52+G52+I52+K52+M52+O52+Q52+S52+U52+W52+Y52+AA52 -> 272 | C52: =B52/12 -> 22.666667 | D52: =B52/($AA$4-$A$3) -> 0.7431694 | E52: =SUMPRODUCT((export2016!$E$2:$E$3279>=$E$3)*(export2016!$E$2:$E$3279<=$E$4)*(export2016!$D$2:$D$3279=A52),export2016!$I$2:$I$3279) -> 9 | F52: =E52/($E$4-$A$3) -> 0.29032258 | G52: =SUMPRODUCT((export2016!$E$2:$E$3279>=$G$3)*(export2016!$E$2:$E$3279<=$G$4)*(export2016!$D$2:$D$3279=A52),export2016!$I$2:$I$3279) -> 14 | H52: =G52/($G$4-$E$4) -> 0.48275862 | I52: =SUMPRODUCT((export2016!$E$2:$E$3279>=$I$3)*(export2016!$E$2:$E$3279<=$I$4)*(export2016!$D$2:$D$3279=A52),export2016!$I$2:$I$3279) -> 22 | J52: =I52/($I$4-$G$4) -> 0.70967742 | K52: =SUMPRODUCT((export2016!$E$2:$E$3279>=$K$3)*(export2016!$E$2:$E$3279<=$K$4)*(export2016!$D$2:$D$3279=A52),export2016!$I$2:$I$3279) -> 26 | L52: =K52/($K$4-$I$4) -> 0.86666667 | M52: =SUMPRODUCT((export2016!$E$2:$E$3279>=$M$3)*(export2016!$E$2:$E$3279<=$M$4)*(export2016!$D$2:$D$3279=A52),export2016!$I$2:$I$3279) -> 27 | N52: =M52/($M$4-$K$4) -> 0.87096774 | O52: =SUMPRODUCT((export2016!$E$2:$E$3279>=$O$3)*(export2016!$E$2:$E$3279<=$O$4)*(export2016!$D$2:$D$3279=A52),export2016!$I$2:$I$3279) -> 23 | P52: =O52/($O$4-$M$4) -> 0.76666667 | Q52: =SUMPRODUCT((export2016!$E$2:$E$3279>=$Q$3)*(export2016!$E$2:$E$3279<=$Q$4)*(export2016!$D$2:$D$3279=A52),export2016!$I$2:$I$3279) -> 37 | R52: =Q52/($Q$4-$O$4) -> 1.1935484 | S52: =SUMPRODUCT((export2016!$E$2:$E$3279>=$S$3)*(export2016!$E$2:$E$3279<=$S$4)*(export2016!$D$2:$D$3279=A52),export2016!$I$2:$I$3279) -> 11 | T52: =S52/($S$4-$Q$4) -> 0.35483871 | U52: =SUMPRODUCT((export2016!$E$2:$E$3279>=$U$3)*(export2016!$E$2:$E$3279<=$U$4)*(export2016!$D$2:$D$3279=A52),export2016!$I$2:$I$3279) -> 30 | V52: =U52/($U$4-$S$4) -> 1 | W52: =SUMPRODUCT((export2016!$E$2:$E$3279>=$W$3)*(export2016!$E$2:$E$3279<=$W$4)*(export2016!$D$2:$D$3279=A52),export2016!$I$2:$I$3279) -> 20 | X52: =W52/($W$4-$U$4) -> 0.64516129 | Y52: =SUMPRODUCT((export2016!$E$2:$E$3279>=$Y$3)*(export2016!$E$2:$E$3279<=$Y$4)*(export2016!$D$2:$D$3279=A52),export2016!$I$2:$I$3279) -> 22 | Z52: =Y52/($Y$4-$W$4) -> 0.73333333 | AA52: =SUMPRODUCT((export2016!$E$2:$E$3279>=$AA$3)*(export2016!$E$2:$E$3279<=$AA$4)*(export2016!$D$2:$D$3279=A52),export2016!$I$2:$I$3279) -> 31 | AB52: =AA52/($AA$4-$Y$4) -> 1
A53: Soukenicka #2 | B53: =E53+G53+I53+K53+M53+O53+Q53+S53+U53+W53+Y53+AA53 -> 206 | C53: =B53/12 -> 17.166667 | D53: =B53/($AA$4-$A$3) -> 0.56284153 | E53: =SUMPRODUCT((export2016!$E$2:$E$3279>=$E$3)*(export2016!$E$2:$E$3279<=$E$4)*(export2016!$D$2:$D$3279=A53),export2016!$I$2:$I$3279) -> 2 | F53: =E53/($E$4-$A$3) -> 0.064516129 | G53: =SUMPRODUCT((export2016!$E$2:$E$3279>=$G$3)*(export2016!$E$2:$E$3279<=$G$4)*(export2016!$D$2:$D$3279=A53),export2016!$I$2:$I$3279) -> 15 | H53: =G53/($G$4-$E$4) -> 0.51724138 | I53: =SUMPRODUCT((export2016!$E$2:$E$3279>=$I$3)*(export2016!$E$2:$E$3279<=$I$4)*(export2016!$D$2:$D$3279=A53),export2016!$I$2:$I$3279) -> 13 | J53: =I53/($I$4-$G$4) -> 0.41935484 | K53: =SUMPRODUCT((export2016!$E$2:$E$3279>=$K$3)*(export2016!$E$2:$E$3279<=$K$4)*(export2016!$D$2:$D$3279=A53),export2016!$I$2:$I$3279) -> 25 | L53: =K53/($K$4-$I$4) -> 0.83333333 | M53: =SUMPRODUCT((export2016!$E$2:$E$3279>=$M$3)*(export2016!$E$2:$E$3279<=$M$4)*(export2016!$D$2:$D$3279=A53),export2016!$I$2:$I$3279) -> 23 | N53: =M53/($M$4-$K$4) -> 0.74193548 | O53: =SUMPRODUCT((export2016!$E$2:$E$3279>=$O$3)*(export2016!$E$2:$E$3279<=$O$4)*(export2016!$D$2:$D$3279=A53),export2016!$I$2:$I$3279) -> 19 | P53: =O53/($O$4-$M$4) -> 0.63333333 | Q53: =SUMPRODUCT((export2016!$E$2:$E$3279>=$Q$3)*(export2016!$E$2:$E$3279<=$Q$4)*(export2016!$D$2:$D$3279=A53),export2016!$I$2:$I$3279) -> 25 | R53: =Q53/($Q$4-$O$4) -> 0.80645161 | S53: =SUMPRODUCT((export2016!$E$2:$E$3279>=$S$3)*(export2016!$E$2:$E$3279<=$S$4)*(export2016!$D$2:$D$3279=A53),export2016!$I$2:$I$3279) -> 6 | T53: =S53/($S$4-$Q$4) -> 0.19354839 | U53: =SUMPRODUCT((export2016!$E$2:$E$3279>=$U$3)*(export2016!$E$2:$E$3279<=$U$4)*(export2016!$D$2:$D$3279=A53),export2016!$I$2:$I$3279) -> 27 | V53: =U53/($U$4-$S$4) -> 0.9 | W53: =SUMPRODUCT((export2016!$E$2:$E$3279>=$W$3)*(export2016!$E$2:$E$3279<=$W$4)*(export2016!$D$2:$D$3279=A53),export2016!$I$2:$I$3279) -> 22 | X53: =W53/($W$4-$U$4) -> 0.70967742 | Y53: =SUMPRODUCT((export2016!$E$2:$E$3279>=$Y$3)*(export2016!$E$2:$E$3279<=$Y$4)*(export2016!$D$2:$D$3279=A53),export2016!$I$2:$I$3279) -> 13 | Z53: =Y53/($Y$4-$W$4) -> 0.43333333 | AA53: =SUMPRODUCT((export2016!$E$2:$E$3279>=$AA$3)*(export2016!$E$2:$E$3279<=$AA$4)*(export2016!$D$2:$D$3279=A53),export2016!$I$2:$I$3279) -> 16 | AB53: =AA53/($AA$4-$Y$4) -> 0.51612903
A54: U Nemocenske pojistovny | B54: =E54+G54+I54+K54+M54+O54+Q54+S54+U54+W54+Y54+AA54 -> 137 | C54: =B54/6 -> 22.833333 | D54: =B54/($AA$4-$Q$3) -> 0.74863388 | Q54: =SUMPRODUCT((export2016!$E$2:$E$3279>=$Q$3)*(export2016!$E$2:$E$3279<=$Q$4)*(export2016!$D$2:$D$3279=A54),export2016!$I$2:$I$3279) -> 25 | R54: =Q54/($Q$4-$O$4) -> 0.80645161 | S54: =SUMPRODUCT((export2016!$E$2:$E$3279>=$S$3)*(export2016!$E$2:$E$3279<=$S$4)*(export2016!$D$2:$D$3279=A54),export2016!$I$2:$I$3279) -> 21 | T54: =S54/($S$4-$Q$4) -> 0.67741935 | U54: =SUMPRODUCT((export2016!$E$2:$E$3279>=$U$3)*(export2016!$E$2:$E$3279<=$U$4)*(export2016!$D$2:$D$3279=A54),export2016!$I$2:$I$3279) -> 19 | V54: =U54/($U$4-$S$4) -> 0.63333333 | W54: =SUMPRODUCT((export2016!$E$2:$E$3279>=$W$3)*(export2016!$E$2:$E$3279<=$W$4)*(export2016!$D$2:$D$3279=A54),export2016!$I$2:$I$3279) -> 27 | X54: =W54/($W$4-$U$4) -> 0.87096774 | Y54: =SUMPRODUCT((export2016!$E$2:$E$3279>=$Y$3)*(export2016!$E$2:$E$3279<=$Y$4)*(export2016!$D$2:$D$3279=A54),export2016!$I$2:$I$3279) -> 15 | Z54: =Y54/($Y$4-$W$4) -> 0.5 | AA54: =SUMPRODUCT((export2016!$E$2:$E$3279>=$AA$3)*(export2016!$E$2:$E$3279<=$AA$4)*(export2016!$D$2:$D$3279=A54),export2016!$I$2:$I$3279) -> 30 | AB54: =AA54/($AA$4-$Y$4) -> 0.96774194
A55: Vladislavova | B55: =E55+G55+I55+K55+M55+O55+Q55+S55+U55+W55+Y55+AA55 -> 22 | C55: =B55/1 -> 22 | D55: =B55/($AA$4-$Y$4) -> 0.70967742 | AA55: =SUMPRODUCT((export2016!$E$2:$E$3279>=$AA$3)*(export2016!$E$2:$E$3279<=$AA$4)*(export2016!$D$2:$D$3279=A55),export2016!$I$2:$I$3279) -> 22 | AB55: =AA55/($AA$4-$Y$4) -> 0.70967742
B56: =SUM(B5:B55) -> 10056 | E56: =SUM(E5:E55) -> 329 | F56: =SUM(F5:F55)/COUNTA(F5:F55) -> 0.24120235 | G56: =SUM(G5:G55) -> 585 | H56: =SUM(H5:H55)/COUNTA(H5:H55) -> 0.45846395 | I56: =SUM(I5:I55) -> 823 | J56: =SUM(J5:J55)/COUNTA(J5:J55) -> 0.61740435 | K56: =SUM(K5:K55) -> 857 | L56: =SUM(L5:L55)/COUNTA(L5:L55) -> 0.64924242 | M56: =SUM(M5:M55) -> 1032 | N56: =SUM(N5:N55)/COUNTA(N5:N55) -> 0.73978495 | O56: =SUM(O5:O55) -> 843 | P56: =SUM(P5:P55)/COUNTA(P5:P55) -> 0.65348837 | Q56: =SUM(Q5:Q55) -> 1155 | R56: =SUM(R5:R55)/COUNTA(R5:R55) -> 0.88709677 | S56: =SUM(S5:S55) -> 996 | T56: =SUM(T5:T55)/COUNTA(T5:T55) -> 0.76497696 | U56: =SUM(U5:U55) -> 981 | V56: =SUM(V5:V55)/COUNTA(V5:V55) -> 0.79756098 | W56: =SUM(W5:W55) -> 941 | X56: =SUM(X5:X55)/COUNTA(X5:X55) -> 0.74036192 | Y56: =SUM(Y5:Y55) -> 574 | Z56: =SUM(Z5:Z55)/COUNTA(Z5:Z55) -> 0.47833333 | AA56: =SUM(AA5:AA55) -> 940 | AB56: =SUM(AB5:AB55)/COUNTA(AB5:AB55) -> 0.72196621
